Workbook
Name C_Despesa: '[1]Dades auxiliars'!$N$1:$N$9
Name Dades_Servei: '[2]Dades auxiliars'!$A$1:$J$262
Name T_Despesa: '[1]Dades auxiliars'!$M$1:$M$5

Sheet Càlcul pressupost 
A1: AM Sistema Gestió Cues de l'Oficina Prestacions, Centres de Socials i Saier
A2: Data inici contracte | B2: 45056 | F2: =+B3 -> 45087 | I2: 46023
A3: Data inici servei | B3: 45087 | F3: 45291 | I3: =B4 -> 46151
A4: Data fi del contracte | B4: =DATE(YEAR(B2)+3, MONTH(B2), DAY(B2)-1) -> 46151 | F4: =F3-F2+1 -> 205 | I4: =I3-I2+1 -> 129
A5: Mesos transició | B5: =MONTH(B3-B2) -> 1 | D5: Servei | F5: Import 2023 | G5: Import 2024 | H5: Import 2025 | I5: Import 2026 | J5: Import Total IVA inclòs | K5: Import Total IVA exclòs
C6: Treball fet real en incidència. Es paga al final | D6: Manteniment correctiu | F6: =+G26 -> 6438.21 | G6: =ROUND($G$40,2) -> 22380.45 | H6: =ROUND(G54,2) -> 22380.45 | I6: =G68 -> 15451.71 | J6: =SUM(F6:I6) -> 66650.82 | K6: =+ROUND(J6/1.21,2) -> 55083.32
C7: Treball valorat i acceptat. Es paga al final | D7: Manteniment recurrent | F7: =+J26 -> 15924.01 | G7: =ROUND($J$40,2) -> 35949.96 | H7: =ROUND(J54,2) -> 35949.96 | I7: =+J68 -> 24820.25 | J7: =SUM(F7:I7) -> 112644.18 | K7: =+ROUND(J7/1.21,2) -> 93094.36
C8: Treball valorat i acceptat. Es paga al final | D8: Serveis d’evolutius recurrents | F8: =+M26 -> 18000 | G8: =+M40 -> 18000 | H8: =+M54 -> 18000 | I8: =+M68 -> 12427.4 | J8: =SUM(F8:I8) -> 66427.4 | K8: =+ROUND(J8/1.21,2) -> 54898.68
C9: Import fix es paga per fites | D9: Evolutiu identificat | F9: =+P26 -> 104200 | G9: =+P40 -> 0 | H9: =+P54 -> 0 | I9: =+P68 -> 0 | J9: =SUM(F9:I9) -> 104200 | K9: =+ROUND(J9/1.21,2) -> 86115.7
C10: Tarifa plana | D10: Serveis Transversals de Manteniment | F10: =+S26+T26 -> 29502.77 | G10: =+S40+T40 -> 70066.37 | H10: =+S54+T54 -> 60355.87 | I10: =+S68+T68 -> 46332.9 | J10: =SUM(F10:I10) -> 206257.91 | K10: =+ROUND(J10/1.21,2) -> 170461.08
D11: Import total licitació | F11: =SUM(F6:F10) -> 174064.99 | G11: =SUM(G6:G10) -> 146396.78 | H11: =SUM(H6:H10) -> 136686.28 | I11: =SUM(I6:I10) -> 99032.26 | J11: =SUM(J6:J10) -> 556180.31 | K11: =SUM(K6:K10) -> 459653.14
A13: CONTRACTE
A14: Servei | B14: Nom Servei | C14: Codi Aplicació | D14: Nom Aplicació | E14: IT Manteniment correctiu | F14: Preu/hora | G14: € Manteniment correctiu | H14: IT Manteniment recurrent | I14: Preu/hora | J14: € Manteniment recurrent | K14: IT Evolutiu recurrent | L14: Preu/hora | M14: € Evolutiu recurrent | N14: Unitats Evolutiu identificat | O14: Preu/unitat | P14: € Evolutiu identificat | Q14: TT Serveis Transversals de Manteniment | R14: Preu/hora | S14: € STM | T14: € Llicències | U14: Data inici transició | V14: Data inici servei | W14: Mesos transició | X14: € Transició
A15: SER0003 | B15: Ajuts econòmics Serveis Socials | C15: APP00XX | D15: Dispenador OficiaPrestacions | E15: 12.122475 | F15: =Perfils!$G$20 -> 47.52 | G15: =+ROUND(E15*F15,2) -> 576.06 | H15: 11.91074 | I15: =Perfils!$G$26 -> 54.56 | J15: =+ROUND(H15*I15,2) -> 649.85 | K15: 0 | L15: =+Perfils!$G$32 -> 54.56 | M15: =+ROUND(K15*L15,2) -> 0 | N15: 40 | O15: =+Perfils!D10 -> 950 | P15: =+ROUND(N15*O15,2) -> 38000 | Q15: 20.814794 | R15: =Perfils!$G$38 -> 52.59 | S15: =+ROUND(Q15*R15,2) -> 1094.65 | T15: 0 | U15: =+$B$2 -> 45056 | V15: =+$B$3 -> 45087 | W15: 1 | X15: 168.06
A16: SER0008 | B16: Gestió de cites | C16: APP0329 | D16: Dispensador CSS | E16: 22.305345 | F16: =Perfils!$G$20 -> 47.52 | G16: =+ROUND(E16*F16,2) -> 1059.95 | H16: 25.727089 | I16: =Perfils!$G$26 -> 54.56 | J16: =+ROUND(H16*I16,2) -> 1403.67 | K16: 0 | L16: =+Perfils!$G$32 -> 54.56 | M16: =+ROUND(K16*L16,2) -> 0 | N16: 40 | O16: =+Perfils!D11 -> 1050 | P16: =+ROUND(N16*O16,2) -> 42000 | Q16: 66.904545 | R16: =Perfils!$G$38 -> 52.59 | S16: =+ROUND(Q16*R16,2) -> 3518.51 | T16: 0 | U16: =+$B$2 -> 45056 | V16: =+$B$3 -> 45087 | W16: 1 | X16: 433.23
A17: SERXXGC | B17: Gestor de continguts de pantalles de Serveis Socials | C17: APPXXGC | D17: CMS Deneva | E17: 0 | F17: =Perfils!$G$20 -> 47.52 | G17: =+ROUND(E17*F17,2) -> 0 | H17: 0 | I17: =Perfils!$G$26 -> 54.56 | J17: =+ROUND(H17*I17,2) -> 0 | K17: 0 | L17: =+Perfils!$G$32 -> 54.56 | M17: =+ROUND(K17*L17,2) -> 0 | O17: - | P17: 0 | Q17: 1.982316 | R17: =Perfils!$G$38 -> 52.59 | S17: =+ROUND(Q17*R17,2) -> 104.25 | T17: 0 | U17: =+$B$2 -> 45056 | V17: =+$B$3 -> 45087 | W17: 0 | X17: 0
A18: SER0163 | B18: Servei de cita prèvia a les OAC's i Serveis Tècnics [OACs i al.] | C18: APP0962 | D18: Peanyes de validació de cita - Dispositiu | E18: 36.367424 | F18: =Perfils!$G$20 -> 47.52 | G18: =+ROUND(E18*F18,2) -> 1728.18 | H18: 30.967925 | I18: =Perfils!$G$26 -> 54.56 | J18: =+ROUND(H18*I18,2) -> 1689.61 | K18: 0 | L18: =+Perfils!$G$32 -> 54.56 | M18: =+ROUND(K18*L18,2) -> 0 | O18: - | P18: 0 | Q18: 61.948659 | R18: =Perfils!$G$38 -> 52.59 | S18: =+ROUND(Q18*R18,2) -> 3257.88 | T18: 0 | U18: =+$B$2 -> 45056 | V18: =+$B$3 -> 45087 | W18: 1 | X18: 483.46
A19: SER0163 | B19: Servei de cita prèvia a les OAC's i Serveis Tècnics [OACs i al.] | C19: APP0962 | D19: Peanyes de validació de cita - Aplicació | E19: 9.0805976 | F19: =Perfils!$G$20 -> 47.52 | G19: =+ROUND(E19*F19,2) -> 431.51 | H19: 14.235887 | I19: =Perfils!$G$26 -> 54.56 | J19: =+ROUND(H19*I19,2) -> 776.71 | K19: 0 | L19: =+Perfils!$G$32 -> 54.56 | M19: =+ROUND(K19*L19,2) -> 0 | O19: - | P19: 0 | Q19: 4.9229892 | R19: =Perfils!$G$38 -> 52.59 | S19: =+ROUND(Q19*R19,2) -> 258.9 | T19: 0 | U19: =+$B$2 -> 45056 | V19: =+$B$3 -> 45087 | W19: 1 | X19: 106.25
A20: SER0260 | B20: Sistema de gestió de torns d'atenció presencial (Orchestra) [OACs i al.] | C20: APPXXPA | D20: Pantalles de notificació de torns - Dispositiu | E20: 23.032828 | F20: =Perfils!$G$20 -> 47.52 | G20: =+ROUND(E20*F20,2) -> 1094.52 | H20: 0 | I20: =Perfils!$G$26 -> 54.56 | J20: =+ROUND(H20*I20,2) -> 0 | K20: 0 | L20: =+Perfils!$G$32 -> 54.56 | M20: =+ROUND(K20*L20,2) -> 0 | O20: - | P20: 0 | Q20: 23.540407 | R20: =Perfils!$G$38 -> 52.59 | S20: =+ROUND(Q20*R20,2) -> 1237.99 | T20: 0 | U20: =+$B$2 -> 45056 | V20: =+$B$3 -> 45087 | W20: 1 | X20: 168.92
A21: SER0259 | B21: Oficina Virtual d'Atenció Ciutadana (OVAC) | C21: - | D21: - | E21: 5.3339646 | F21: =Perfils!$G$20 -> 47.52 | G21: =+ROUND(E21*F21,2) -> 253.47 | H21: 0 | I21: =Perfils!$G$26 -> 54.56 | J21: =+ROUND(H21*I21,2) -> 0 | K21: 0 | L21: =+Perfils!$G$32 -> 54.56 | M21: =+ROUND(K21*L21,2) -> 0 | O21: - | P21: 0 | Q21: 1.982316 | R21: =Perfils!$G$38 -> 52.59 | S21: =+ROUND(Q21*R21,2) -> 104.25 | T21: 6000 | U21: =+$B$2 -> 45056 | V21: =+$B$3 -> 45087 | W21: 1 | X21: 25.91
A22: SER0162 | B22: Quioscs d'autoservei | D22: Dispositiu | E22: 0 | F22: =Perfils!$G$20 -> 47.52 | G22: =+ROUND(E22*F22,2) -> 0 | H22: 0 | I22: =Perfils!$G$26 -> 54.56 | J22: =+ROUND(H22*I22,2) -> 0 | K22: 0 | L22: =+Perfils!$G$32 -> 54.56 | M22: =+ROUND(K22*L22,2) -> 0 | N22: 20 | O22: =+Perfils!D12 -> 1210 | P22: =+ROUND(N22*O22,2) -> 24200 | Q22: 250.0405 | R22: =Perfils!$G$38 -> 52.59 | S22: =+ROUND(Q22*R22,2) -> 13149.63 | T22: 0 | U22: =+$B$2 -> 45056 | V22: =+$B$3 -> 45087 | W22: 1 | X22: 1173.95
A23: SER0162 | B23: Quioscos multiserveis | C23: APP0053 | D23: Aplicació de tràmits de Quioscos | E23: 27.241582 | F23: =Perfils!$G$20 -> 47.52 | G23: =+ROUND(E23*F23,2) -> 1294.52 | H23: 42.707845 | I23: =Perfils!$G$26 -> 54.56 | J23: =+ROUND(H23*I23,2) -> 2330.14 | K23: 0 | L23: =+Perfils!$G$32 -> 54.56 | M23: =+ROUND(K23*L23,2) -> 0 | O23: - | P23: 0 | Q23: 14.769158 | R23: =Perfils!$G$38 -> 52.59 | S23: =+ROUND(Q23*R23,2) -> 776.71 | T23: 0 | U23: =+$B$2 -> 45056 | V23: =+$B$3 -> 45087 | W23: 1 | X23: 318.75
A24: SER0162 | B24: Quioscs d'autoservei | D24: Desinstal·lació | E24: 0 | F24: =Perfils!$G$20 -> 47.52 | G24: =+ROUND(E24*F24,2) -> 0 | H24: 111.23644 | I24: =Perfils!$G$26 -> 54.56 | J24: =+ROUND(H24*I24,2) -> 6069.06 | K24: 0 | L24: =+Perfils!$G$32 -> 54.56 | M24: =+ROUND(K24*L24,2) -> 0 | O24: - | P24: 0 | Q24: 0 | R24: =Perfils!$G$38 -> 52.59 | S24: =+ROUND(Q24*R24,2) -> 0 | T24: 0 | U24: =+$B$2 -> 45056 | V24: =+$B$3 -> 45087 | W24: 1 | X24: 126.44
A25: SERXXGE | B25: Genèric | C25: - | D25: - | E25: 0 | F25: =Perfils!$G$20 -> 47.52 | G25: =+ROUND(E25*F25,2) -> 0 | H25: 55.07643 | I25: =Perfils!$G$26 -> 54.56 | J25: =+ROUND(H25*I25,2) -> 3004.97 | K25: 329.91202 | L25: =+Perfils!$G$32 -> 54.56 | M25: =+ROUND(K25*L25,2) -> 18000 | O25: - | P25: 0 | Q25: 0 | R25: =Perfils!$G$38 -> 52.59 | S25: =+ROUND(Q25*R25,2) -> 0 | T25: 0 | U25: =+$B$2 -> 45056 | V25: =+$B$3 -> 45087 | W25: 0 | X25: 0
A26: Total 2023 | E26: =SUM(E15:E25) -> 135.48422 | G26: =SUM(G15:G25) -> 6438.21 | H26: =SUM(H15:H25) -> 291.86235 | J26: =SUM(J15:J25) -> 15924.01 | K26: =SUM(K15:K25) -> 329.91202 | M26: =SUM(M15:M25) -> 18000 | N26: =SUM(N15:N25) -> 100 | P26: =SUM(P15:P25) -> 104200 | Q26: =SUM(Q15:Q25) -> 446.90569 | S26: =SUM(S15:S25) -> 23502.77 | T26: =SUM(T15:T25) -> 6000 | X26: =SUM(X15:X25) -> 3004.97
A28: Servei | B28: Nom Servei | C28: Codi Aplicació | D28: Nom Aplicació | E28: IT Manteniment correctiu | F28: Preu/hora | G28: € Manteniment correctiu | H28: IT Manteniment recurrent | I28: Preu/hora | J28: € Manteniment recurrent | K28: IT Evolutiu recurrent | L28: Preu/hora | M28: € Evolutiu recurrent | N28: Unitats Evolutiu identificat | O28: Preu/unitat | P28: € Evolutiu identificat | Q28: TT Serveis Transversals de Manteniment | R28: Preu/hora | S28: € STM | T28: € Llicències
A29: SER0003 | B29: Ajuts econòmics Serveis Socials | C29: APP00XX | D29: Dispenador OficiaPrestacions | E29: 42.140152 | F29: =Perfils!$G$20 -> 47.52 | G29: =+ROUND(E29*F29,2) -> 2002.5 | H29: 41.403959 | I29: =Perfils!$G$26 -> 54.56 | J29: =+ROUND(H29*I29,2) -> 2259 | K29: 0 | L29: =+Perfils!$G$32 -> 54.56 | M29: =+ROUND(K29*L29,2) -> 0 | N29: 0 | O29: - | P29: 0 | Q29: 72.355961 | R29: =Perfils!$G$38 -> 52.59 | S29: =+ROUND(Q29*R29,2) -> 3805.2 | T29: 0
A30: SER0008 | B30: Gestió de cites | C30: APP0329 | D30: Dispensador CSS | E30: 77.537879 | F30: =Perfils!$G$20 -> 47.52 | G30: =+ROUND(E30*F30,2) -> 3684.6 | H30: 89.432551 | I30: =Perfils!$G$26 -> 54.56 | J30: =+ROUND(H30*I30,2) -> 4879.44 | K30: 0 | L30: =+Perfils!$G$32 -> 54.56 | M30: =+ROUND(K30*L30,2) -> 0 | N30: 0 | O30: - | P30: 0 | Q30: 232.57273 | R30: =Perfils!$G$38 -> 52.59 | S30: =+ROUND(Q30*R30,2) -> 12231 | T30: 0
B31: Gestor de continguts de pantalles de Serveis Socials | D31: CMS Deneva | E31: 0 | F31: =Perfils!$G$20 -> 47.52 | G31: =+ROUND(E31*F31,2) -> 0 | H31: 0 | I31: =Perfils!$G$26 -> 54.56 | J31: =+ROUND(H31*I31,2) -> 0 | K31: 0 | L31: =+Perfils!$G$32 -> 54.56 | M31: =+ROUND(K31*L31,2) -> 0 | N31: 0 | O31: - | P31: 0 | Q31: 6.8910439 | R31: =Perfils!$G$38 -> 52.59 | S31: =+ROUND(Q31*R31,2) -> 362.4 | T31: 9060.48
A32: SER0163 | B32: Servei de cita prèvia a les OAC's i Serveis Tècnics [OACs i al.] | C32: APP0962 | D32: Peanyes de validació de cita - Dispositiu | E32: 126.42045 | F32: =Perfils!$G$20 -> 47.52 | G32: =+ROUND(E32*F32,2) -> 6007.5 | H32: 107.65029 | I32: =Perfils!$G$26 -> 54.56 | J32: =+ROUND(H32*I32,2) -> 5873.4 | K32: 0 | L32: =+Perfils!$G$32 -> 54.56 | M32: =+ROUND(K32*L32,2) -> 0 | N32: 0 | O32: - | P32: 0 | Q32: 215.34512 | R32: =Perfils!$G$38 -> 52.59 | S32: =+ROUND(Q32*R32,2) -> 11325 | T32: 0
A33: SER0163 | B33: Servei de cita prèvia a les OAC's i Serveis Tècnics [OACs i al.] | C33: APP0962 | D33: Peanyes de validació de cita - Aplicació | E33: 31.565657 | F33: =Perfils!$G$20 -> 47.52 | G33: =+ROUND(E33*F33,2) -> 1500 | H33: 49.486804 | I33: =Perfils!$G$26 -> 54.56 | J33: =+ROUND(H33*I33,2) -> 2700 | K33: 0 | L33: =+Perfils!$G$32 -> 54.56 | M33: =+ROUND(K33*L33,2) -> 0 | N33: 0 | O33: - | P33: 0 | Q33: 17.11352 | R33: =Perfils!$G$38 -> 52.59 | S33: =+ROUND(Q33*R33,2) -> 900 | T33: 0
A34: SER0260 | B34: Sistema de gestió de torns d'atenció presencial (Orchestra) [OACs i al.] | C34: - | D34: Pantalles de notificació de torns - Dispositiu | E34: 80.066288 | F34: =Perfils!$G$20 -> 47.52 | G34: =+ROUND(E34*F34,2) -> 3804.75 | H34: 0 | I34: =Perfils!$G$26 -> 54.56 | J34: =+ROUND(H34*I34,2) -> 0 | K34: 0 | L34: =+Perfils!$G$32 -> 54.56 | M34: =+ROUND(K34*L34,2) -> 0 | N34: 0 | O34: - | P34: 0 | Q34: 81.831147 | R34: =Perfils!$G$38 -> 52.59 | S34: =+ROUND(Q34*R34,2) -> 4303.5 | T34: 0
A35: SER0259 | B35: Oficina Virtual d'Atenció Ciutadana (OVAC) | E35: 18.541667 | F35: =Perfils!$G$20 -> 47.52 | G35: =+ROUND(E35*F35,2) -> 881.1 | H35: 0 | I35: =Perfils!$G$26 -> 54.56 | J35: =+ROUND(H35*I35,2) -> 0 | K35: 0 | L35: =+Perfils!$G$32 -> 54.56 | M35: =+ROUND(K35*L35,2) -> 0 | N35: 0 | O35: - | P35: 0 | Q35: 6.8910439 | R35: =Perfils!$G$38 -> 52.59 | S35: =+ROUND(Q35*R35,2) -> 362.4 | T35: 6000
A36: SER0162 | B36: Quioscs d'autoservei | D36: Dispositiu | E36: 0 | F36: =Perfils!$G$20 -> 47.52 | G36: =+ROUND(E36*F36,2) -> 0 | H36: 0 | I36: =Perfils!$G$26 -> 54.56 | J36: =+ROUND(H36*I36,2) -> 0 | K36: 0 | L36: =+Perfils!$G$32 -> 54.56 | M36: =+ROUND(K36*L36,2) -> 0 | N36: 0 | O36: - | P36: 0 | Q36: 361.59707 | R36: =Perfils!$G$38 -> 52.59 | S36: =+ROUND(Q36*R36,2) -> 19016.39 | T36: 0
A37: SER0162 | B37: Quioscos multiserveis | C37: APP0053 | D37: Aplicació de tràmits de Quioscos | E37: 94.69697 | F37: =Perfils!$G$20 -> 47.52 | G37: =+ROUND(E37*F37,2) -> 4500 | H37: 148.46041 | I37: =Perfils!$G$26 -> 54.56 | J37: =+ROUND(H37*I37,2) -> 8100 | K37: 0 | L37: =+Perfils!$G$32 -> 54.56 | M37: =+ROUND(K37*L37,2) -> 0 | N37: 0 | O37: - | P37: 0 | Q37: 51.340559 | R37: =Perfils!$G$38 -> 52.59 | S37: =+ROUND(Q37*R37,2) -> 2700 | T37: 0
A38: SER0162 | B38: Quioscs d'autoservei | D38: Desinstal·lació | E38: 0 | F38: =Perfils!$G$20 -> 47.52 | G38: =+ROUND(E38*F38,2) -> 0 | H38: 222.47287 | I38: =Perfils!$G$26 -> 54.56 | J38: =+ROUND(H38*I38,2) -> 12138.12 | K38: 0 | L38: =+Perfils!$G$32 -> 54.56 | M38: =+ROUND(K38*L38,2) -> 0 | N38: 0 | O38: - | P38: 0 | Q38: 0 | R38: =Perfils!$G$38 -> 52.59 | S38: =+ROUND(Q38*R38,2) -> 0 | T38: 0
A39: SERXXGE | B39: Genèric | C39: - | D39: - | E39: 0 | F39: =Perfils!$G$20 -> 47.52 | G39: =+ROUND(E39*F39,2) -> 0 | H39: 0 | I39: =Perfils!$G$26 -> 54.56 | J39: =+ROUND(H39*I39,2) -> 0 | K39: 329.91202 | L39: =+Perfils!$G$32 -> 54.56 | M39: =+ROUND(K39*L39,2) -> 18000 | N39: 0 | O39: - | P39: 0 | Q39: 0 | R39: =Perfils!$G$38 -> 52.59 | S39: =+ROUND(Q39*R39,2) -> 0 | T39: 0
A40: Total 2024 | E40: =SUM(E29:E39) -> 470.96907 | G40: =SUM(G29:G39) -> 22380.45 | H40: =SUM(H29:H39) -> 658.90689 | J40: =SUM(J29:J39) -> 35949.96 | K40: =SUM(K29:K39) -> 329.91202 | M40: =SUM(M29:M39) -> 18000 | N40: =SUM(N29:N39) -> 0 | P40: =SUM(P29:P39) -> 0 | Q40: =SUM(Q29:Q39) -> 1045.9382 | S40: =SUM(S29:S39) -> 55005.89 | T40: =SUM(T29:T38) -> 15060.48
A42: Servei | B42: Nom Servei | C42: Codi Aplicació | D42: Nom Aplicació | E42: IT Manteniment correctiu | F42: Preu/hora | G42: € Manteniment correctiu | H42: IT Manteniment recurrent | I42: Preu/hora | J42: € Manteniment recurrent | K42: IT Evolutiu recurrent | L42: Preu/hora | M42: € Evolutiu recurrent | N42: Unitats Evolutiu identificat | O42: Preu/unitat | P42: € Evolutiu identificat | Q42: TT Serveis Transversals de Manteniment | R42: Preu/hora | S42: € STM | T42: € Llicències
A43: SER0003 | B43: Ajuts econòmics Serveis Socials | C43: APP00XX | D43: Dispenador OficiaPrestacions | E43: 42.140152 | F43: =Perfils!$G$20 -> 47.52 | G43: =+ROUND(E43*F43,2) -> 2002.5 | H43: 41.403959 | I43: =Perfils!$G$26 -> 54.56 | J43: =+ROUND(H43*I43,2) -> 2259 | K43: 0 | L43: =+Perfils!$G$32 -> 54.56 | M43: =+ROUND(K43*L43,2) -> 0 | N43: 0 | O43: - | P43: 0 | Q43: 72.355961 | R43: =Perfils!$G$38 -> 52.59 | S43: =+ROUND(Q43*R43,2) -> 3805.2 | T43: 0
A44: SER0008 | B44: Gestió de cites | C44: APP0329 | D44: Dispensador CSS | E44: 77.537879 | F44: =Perfils!$G$20 -> 47.52 | G44: =+ROUND(E44*F44,2) -> 3684.6 | H44: 89.432551 | I44: =Perfils!$G$26 -> 54.56 | J44: =+ROUND(H44*I44,2) -> 4879.44 | K44: 0 | L44: =+Perfils!$G$32 -> 54.56 | M44: =+ROUND(K44*L44,2) -> 0 | N44: 0 | O44: - | P44: 0 | Q44: 232.57273 | R44: =Perfils!$G$38 -> 52.59 | S44: =+ROUND(Q44*R44,2) -> 12231 | T44: 0
B45: Gestor de continguts de pantalles de Serveis Socials | D45: CMS Deneva | E45: 0 | F45: =Perfils!$G$20 -> 47.52 | G45: =+ROUND(E45*F45,2) -> 0 | H45: 0 | I45: =Perfils!$G$26 -> 54.56 | J45: =+ROUND(H45*I45,2) -> 0 | K45: 0 | L45: =+Perfils!$G$32 -> 54.56 | M45: =+ROUND(K45*L45,2) -> 0 | N45: 0 | O45: - | P45: 0 | Q45: 6.8910439 | R45: =Perfils!$G$38 -> 52.59 | S45: =+ROUND(Q45*R45,2) -> 362.4 | T45: 9060.48
A46: SER0163 | B46: Servei de cita prèvia a les OAC's i Serveis Tècnics [OACs i al.] | C46: APP0962 | D46: Peanyes de validació de cita - Dispositiu | E46: 126.42045 | F46: =Perfils!$G$20 -> 47.52 | G46: =+ROUND(E46*F46,2) -> 6007.5 | H46: 107.65029 | I46: =Perfils!$G$26 -> 54.56 | J46: =+ROUND(H46*I46,2) -> 5873.4 | K46: 0 | L46: =+Perfils!$G$32 -> 54.56 | M46: =+ROUND(K46*L46,2) -> 0 | N46: 0 | O46: - | P46: 0 | Q46: 215.34512 | R46: =Perfils!$G$38 -> 52.59 | S46: =+ROUND(Q46*R46,2) -> 11325 | T46: 0
A47: SER0163 | B47: Servei de cita prèvia a les OAC's i Serveis Tècnics [OACs i al.] | C47: APP0962 | D47: Peanyes de validació de cita - Aplicació | E47: 31.565657 | F47: =Perfils!$G$20 -> 47.52 | G47: =+ROUND(E47*F47,2) -> 1500 | H47: 49.486804 | I47: =Perfils!$G$26 -> 54.56 | J47: =+ROUND(H47*I47,2) -> 2700 | K47: 0 | L47: =+Perfils!$G$32 -> 54.56 | M47: =+ROUND(K47*L47,2) -> 0 | N47: 0 | O47: - | P47: 0 | Q47: 17.11352 | R47: =Perfils!$G$38 -> 52.59 | S47: =+ROUND(Q47*R47,2) -> 900 | T47: 0
A48: SER0260 | B48: Sistema de gestió de torns d'atenció presencial (Orchestra) [OACs i al.] | C48: - | D48: Pantalles de notificació de torns - Dispositiu | E48: 80.066288 | F48: =Perfils!$G$20 -> 47.52 | G48: =+ROUND(E48*F48,2) -> 3804.75 | H48: 0 | I48: =Perfils!$G$26 -> 54.56 | J48: =+ROUND(H48*I48,2) -> 0 | K48: 0 | L48: =+Perfils!$G$32 -> 54.56 | M48: =+ROUND(K48*L48,2) -> 0 | N48: 0 | O48: - | P48: 0 | Q48: 81.831147 | R48: =Perfils!$G$38 -> 52.59 | S48: =+ROUND(Q48*R48,2) -> 4303.5 | T48: 0
A49: SER0259 | B49: Oficina Virtual d'Atenció Ciutadana (OVAC) | E49: 18.541667 | F49: =Perfils!$G$20 -> 47.52 | G49: =+ROUND(E49*F49,2) -> 881.1 | H49: 0 | I49: =Perfils!$G$26 -> 54.56 | J49: =+ROUND(H49*I49,2) -> 0 | K49: 0 | L49: =+Perfils!$G$32 -> 54.56 | M49: =+ROUND(K49*L49,2) -> 0 | N49: 0 | O49: - | P49: 0 | Q49: 6.8910439 | R49: =Perfils!$G$38 -> 52.59 | S49: =+ROUND(Q49*R49,2) -> 362.4 | T49: 6000
A50: SER0162 | B50: Quioscs d'autoservei | D50: Dispositiu | E50: 0 | F50: =Perfils!$G$20 -> 47.52 | G50: =+ROUND(E50*F50,2) -> 0 | H50: 0 | I50: =Perfils!$G$26 -> 54.56 | J50: =+ROUND(H50*I50,2) -> 0 | K50: 0 | L50: =+Perfils!$G$32 -> 54.56 | M50: =+ROUND(K50*L50,2) -> 0 | N50: 0 | O50: - | P50: 0 | Q50: 176.9517 | R50: =Perfils!$G$38 -> 52.59 | S50: =+ROUND(Q50*R50,2) -> 9305.89 | T50: 0
A51: SER0162 | B51: Quioscos multiserveis | C51: APP0053 | D51: Aplicació de tràmits de Quioscos | E51: 94.69697 | F51: =Perfils!$G$20 -> 47.52 | G51: =+ROUND(E51*F51,2) -> 4500 | H51: 148.46041 | I51: =Perfils!$G$26 -> 54.56 | J51: =+ROUND(H51*I51,2) -> 8100 | K51: 0 | L51: =+Perfils!$G$32 -> 54.56 | M51: =+ROUND(K51*L51,2) -> 0 | N51: 0 | O51: - | P51: 0 | Q51: 51.340559 | R51: =Perfils!$G$38 -> 52.59 | S51: =+ROUND(Q51*R51,2) -> 2700 | T51: 0
A52: SER0162 | B52: Quioscs d'autoservei | D52: Desinstal·lació | E52: 0 | F52: =Perfils!$G$20 -> 47.52 | G52: =+ROUND(E52*F52,2) -> 0 | H52: 222.47287 | I52: =Perfils!$G$26 -> 54.56 | J52: =+ROUND(H52*I52,2) -> 12138.12 | K52: 0 | L52: =+Perfils!$G$32 -> 54.56 | M52: =+ROUND(K52*L52,2) -> 0 | N52: 0 | O52: - | P52: 0 | Q52: 0 | R52: =Perfils!$G$38 -> 52.59 | S52: =+ROUND(Q52*R52,2) -> 0 | T52: 0
A53: SERXXGE | B53: Genèric | C53: - | D53: - | E53: 0 | F53: =Perfils!$G$20 -> 47.52 | G53: =+ROUND(E53*F53,2) -> 0 | H53: 0 | I53: =Perfils!$G$26 -> 54.56 | J53: =+ROUND(H53*I53,2) -> 0 | K53: 329.91202 | L53: =+Perfils!$G$32 -> 54.56 | M53: =+ROUND(K53*L53,2) -> 18000 | N53: 0 | O53: - | P53: 0 | Q53: 0 | R53: =Perfils!$G$38 -> 52.59 | S53: =+ROUND(Q53*R53,2) -> 0 | T53: 0
A54: Total 2025 | E54: =SUM(E43:E53) -> 470.96907 | G54: =SUM(G43:G53) -> 22380.45 | H54: =SUM(H43:H53) -> 658.90689 | J54: =SUM(J43:J53) -> 35949.96 | K54: =SUM(K43:K53) -> 329.91202 | M54: =SUM(M43:M53) -> 18000 | N54: =SUM(N43:N53) -> 0 | P54: =SUM(P43:P53) -> 0 | Q54: =SUM(Q43:Q53) -> 861.29283 | S54: =SUM(S43:S53) -> 45295.39 | T54: =SUM(T43:T52) -> 15060.48
A56: Servei | B56: Nom Servei | C56: Codi Aplicació | D56: Nom Aplicació | E56: IT Manteniment correctiu | F56: Preu/hora | G56: € Manteniment correctiu | H56: IT Manteniment recurrent | I56: Preu/hora | J56: € Manteniment recurrent | K56: IT Evolutiu recurrent | L56: Preu/hora | M56: € Evolutiu recurrent | N56: Unitats Evolutiu identificat | O56: Preu/unitat | P56: € Evolutiu identificat | Q56: TT Serveis Transversals de Manteniment | R56: Preu/hora | S56: € STM | T56: € Llicències
A57: SER0003 | B57: Ajuts econòmics Serveis Socials | C57: APP00XX | D57: Dispenador OficiaPrestacions | E57: 29.094066 | F57: =Perfils!$G$20 -> 47.52 | G57: =+ROUND(E57*F57,2) -> 1382.55 | H57: 28.585777 | I57: =Perfils!$G$26 -> 54.56 | J57: =+ROUND(H57*I57,2) -> 1559.64 | K57: 0 | L57: =+Perfils!$G$32 -> 54.56 | M57: =+ROUND(K57*L57,2) -> 0 | N57: 0 | O57: - | P57: 0 | Q57: 49.955315 | R57: =Perfils!$G$38 -> 52.59 | S57: =+ROUND(Q57*R57,2) -> 2627.15 | T57: 0
A58: SER0008 | B58: Gestió de cites | C58: APP0329 | D58: Dispensador CSS | E58: 53.533039 | F58: =Perfils!$G$20 -> 47.52 | G58: =+ROUND(E58*F58,2) -> 2543.89 | H58: 61.745235 | I58: =Perfils!$G$26 -> 54.56 | J58: =+ROUND(H58*I58,2) -> 3368.82 | K58: 0 | L58: =+Perfils!$G$32 -> 54.56 | M58: =+ROUND(K58*L58,2) -> 0 | N58: 0 | O58: - | P58: 0 | Q58: 160.57083 | R58: =Perfils!$G$38 -> 52.59 | S58: =+ROUND(Q58*R58,2) -> 8444.42 | T58: 0
B59: Gestor de continguts de pantalles de Serveis Socials | D59: CMS Deneva | E59: 0 | F59: =Perfils!$G$20 -> 47.52 | G59: =+ROUND(E59*F59,2) -> 0 | H59: 0 | I59: =Perfils!$G$26 -> 54.56 | J59: =+ROUND(H59*I59,2) -> 0 | K59: 0 | L59: =+Perfils!$G$32 -> 54.56 | M59: =+ROUND(K59*L59,2) -> 0 | N59: 0 | O59: - | P59: 0 | Q59: 4.7575585 | R59: =Perfils!$G$38 -> 52.59 | S59: =+ROUND(Q59*R59,2) -> 250.2 | T59: 9060.48
A60: SER0163 | B60: Servei de cita prèvia a les OAC's i Serveis Tècnics [OACs i al.] | C60: APP0962 | D60: Peanyes de validació de cita - Dispositiu | E60: 87.281987 | F60: =Perfils!$G$20 -> 47.52 | G60: =+ROUND(E60*F60,2) -> 4147.64 | H60: 74.322947 | I60: =Perfils!$G$26 -> 54.56 | J60: =+ROUND(H60*I60,2) -> 4055.06 | K60: 0 | L60: =+Perfils!$G$32 -> 54.56 | M60: =+ROUND(K60*L60,2) -> 0 | N60: 0 | O60: - | P60: 0 | Q60: 148.67655 | R60: =Perfils!$G$38 -> 52.59 | S60: =+ROUND(Q60*R60,2) -> 7818.9 | T60: 0
A61: SER0163 | B61: Servei de cita prèvia a les OAC's i Serveis Tècnics [OACs i al.] | C61: APP0962 | D61: Peanyes de validació de cita - Aplicació | E61: 21.79335 | F61: =Perfils!$G$20 -> 47.52 | G61: =+ROUND(E61*F61,2) -> 1035.62 | H61: 34.166239 | I61: =Perfils!$G$26 -> 54.56 | J61: =+ROUND(H61*I61,2) -> 1864.11 | K61: 0 | L61: =+Perfils!$G$32 -> 54.56 | M61: =+ROUND(K61*L61,2) -> 0 | N61: 0 | O61: - | P61: 0 | Q61: 11.815364 | R61: =Perfils!$G$38 -> 52.59 | S61: =+ROUND(Q61*R61,2) -> 621.37 | T61: 0
A62: SER0260 | B62: Sistema de gestió de torns d'atenció presencial (Orchestra) [OACs i al.] | C62: - | D62: Pantalles de notificació de torns - Dispositiu | E62: 55.27862 | F62: =Perfils!$G$20 -> 47.52 | G62: =+ROUND(E62*F62,2) -> 2626.84 | H62: 0 | I62: =Perfils!$G$26 -> 54.56 | J62: =+ROUND(H62*I62,2) -> 0 | K62: 0 | L62: =+Perfils!$G$32 -> 54.56 | M62: =+ROUND(K62*L62,2) -> 0 | N62: 0 | O62: - | P62: 0 | Q62: 56.497053 | R62: =Perfils!$G$38 -> 52.59 | S62: =+ROUND(Q62*R62,2) -> 2971.18 | T62: 0
A63: SER0259 | B63: Oficina Virtual d'Atenció Ciutadana (OVAC) | E63: 12.801347 | F63: =Perfils!$G$20 -> 47.52 | G63: =+ROUND(E63*F63,2) -> 608.32 | H63: 0 | I63: =Perfils!$G$26 -> 54.56 | J63: =+ROUND(H63*I63,2) -> 0 | K63: 0 | L63: =+Perfils!$G$32 -> 54.56 | M63: =+ROUND(K63*L63,2) -> 0 | N63: 0 | O63: - | P63: 0 | Q63: 4.7575585 | R63: =Perfils!$G$38 -> 52.59 | S63: =+ROUND(Q63*R63,2) -> 250.2 | T63: 6000
A64: SER0162 | B64: Quioscs d'autoservei | D64: Dispositiu | E64: 0 | F64: =Perfils!$G$20 -> 47.52 | G64: =+ROUND(E64*F64,2) -> 0 | H64: 0 | I64: =Perfils!$G$26 -> 54.56 | J64: =+ROUND(H64*I64,2) -> 0 | K64: 0 | L64: =+Perfils!$G$32 -> 54.56 | M64: =+ROUND(K64*L64,2) -> 0 | N64: 0 | O64: - | P64: 0 | Q64: 122.16942 | R64: =Perfils!$G$38 -> 52.59 | S64: =+ROUND(Q64*R64,2) -> 6424.89 | T64: 0
A65: SER0162 | B65: Quioscos multiserveis | C65: APP0053 | D65: Aplicació de tràmits de Quioscos | E65: 65.37984 | F65: =Perfils!$G$20 -> 47.52 | G65: =+ROUND(E65*F65,2) -> 3106.85 | H65: 102.49872 | I65: =Perfils!$G$26 -> 54.56 | J65: =+ROUND(H65*I65,2) -> 5592.33 | K65: 0 | L65: =+Perfils!$G$32 -> 54.56 | M65: =+ROUND(K65*L65,2) -> 0 | N65: 0 | O65: - | P65: 0 | Q65: 35.446092 | R65: =Perfils!$G$38 -> 52.59 | S65: =+ROUND(Q65*R65,2) -> 1864.11 | T65: 0
A66: SER0162 | B66: Quioscs d'autoservei | D66: Desinstal·lació | E66: 0 | F66: =Perfils!$G$20 -> 47.52 | G66: =+ROUND(E66*F66,2) -> 0 | H66: 153.59769 | I66: =Perfils!$G$26 -> 54.56 | J66: =+ROUND(H66*I66,2) -> 8380.29 | K66: 0 | L66: =+Perfils!$G$32 -> 54.56 | M66: =+ROUND(K66*L66,2) -> 0 | N66: 0 | O66: - | P66: 0 | Q66: 0 | R66: =Perfils!$G$38 -> 52.59 | S66: =+ROUND(Q66*R66,2) -> 0 | T66: 0
A67: SERXXGE | B67: Genèric | C67: - | D67: - | E67: 0 | F67: =Perfils!$G$20 -> 47.52 | G67: =+ROUND(E67*F67,2) -> 0 | H67: 0 | I67: =Perfils!$G$26 -> 54.56 | J67: =+ROUND(H67*I67,2) -> 0 | K67: 227.77493 | L67: =+Perfils!$G$32 -> 54.56 | M67: =+ROUND(K67*L67,2) -> 12427.4 | N67: 0 | O67: - | P67: 0 | Q67: 0 | R67: =Perfils!$G$38 -> 52.59 | S67: =+ROUND(Q67*R67,2) -> 0 | T67: 0
A68: Total 2026 | E68: =SUM(E57:E67) -> 325.16225 | G68: =SUM(G57:G67) -> 15451.71 | H68: =SUM(H57:H66) -> 454.91661 | J68: =SUM(J57:J67) -> 24820.25 | K68: =SUM(K57:K66) -> 0 | M68: =SUM(M57:M67) -> 12427.4 | N68: =SUM(N57:N67) -> 0 | P68: =SUM(P57:P67) -> 0 | Q68: =SUM(Q57:Q66) -> 594.64575 | S68: =SUM(S57:S67) -> 31272.42 | T68: =SUM(T55:T66) -> 15060.48

Sheet Perfils
D2: Import €/hora amb IVA | E2: Preu/hora IVA exclòs | F2: Import màxim €/hora IVA exclòs
C3: Coordinador/a de contracte | D3: =ROUND(E3*1.21,2) -> 84.93 | E3: 70.19 | F3: 70.19
C4: Tècnic/a de sistemes | D4: =ROUND(E4*1.21,2) -> 36.23 | E4: 29.94 | F4: 29.94
C5: Cap de projecte | D5: =ROUND(E5*1.21,2) -> 61.9 | E5: 51.16 | F5: 51.16
C6: Programador/a J2EE | D6: =ROUND(E6*1.21,2) -> 36.23 | E6: 29.94 | F6: 29.94
C7: Arquitecte/a J2EE | D7: =ROUND(E7*1.21,2) -> 66.04 | E7: 54.58 | F7: 54.58
D9: Preu unitat amb IVA | E9: Preu unitat IVA exclòs | F9: Import màxim preu unitat IVA exclòs
C10: Evolutiu identificat 4.8.1 | D10: =ROUND(E10*1.21,2) -> 950 | E10: 785.12 | F10: 785.12
C11: Evolutiu identificat 4.8.2 | D11: =ROUND(E11*1.21,2) -> 1050 | E11: 867.77 | F11: 867.77
C12: Evolutiu identificat 4.8.3 | D12: =ROUND(E12*1.21,2) -> 1210 | E12: 1000 | F12: 1000
B15: Servei plec | C15: Perfil | D15: % dedicació | E15: Preu perfil IVA inclòs | F15: Preu perfil IVA exclòs | G15: Preu / hora /perfil IVA inclòs
B16: Manteniment correctiu | C16: =+$C$3 -> Coordinador/a de contracte | D16: 0.1 | E16: =+$D$3 -> 84.93 | F16: =+$E$3 -> 70.19 | G16: =E16*D16 -> 8.493
C17: =+$C$4 -> Tècnic/a de sistemes | D17: 0.15 | E17: =$D$4 -> 36.23 | F17: =+$E$4 -> 29.94 | G17: =E17*D17 -> 5.4345
C18: =+$C$5 -> Cap de projecte | D18: 0.25 | E18: =$D$5 -> 61.9 | F18: =+$E$5 -> 51.16 | G18: =E18*D18 -> 15.475
C19: =+$C$6 -> Programador/a J2EE | D19: 0.5 | E19: =$D$6 -> 36.23 | F19: =+$E$6 -> 29.94 | G19: =E19*D19 -> 18.115
C20: Preu perfil tipus | G20: =ROUND(SUM(G16:G19),2) -> 47.52 | H20: =SUM(D16:D19) -> 1
B21: Manteniment recurrent | C21: =+$C$3 -> Coordinador/a de contracte | D21: 0.1 | E21: =$D$3 -> 84.93 | F21: =+$E$3 -> 70.19 | G21: =E21*D21 -> 8.493
C22: =+$C$4 -> Tècnic/a de sistemes | D22: 0.05 | E22: =$D$4 -> 36.23 | F22: =+$E$4 -> 29.94 | G22: =E22*D22 -> 1.8115
C23: =+$C$5 -> Cap de projecte | D23: 0.35 | E23: =$D$5 -> 61.9 | F23: =+$E$5 -> 51.16 | G23: =E23*D23 -> 21.665
C24: =+$C$7 -> Arquitecte/a J2EE | D24: 0.15 | E24: =$D$7 -> 66.04 | F24: =+$E$7 -> 54.58 | G24: =E24*D24 -> 9.906
C25: =+$C$6 -> Programador/a J2EE | D25: 0.35 | E25: =$D$6 -> 36.23 | F25: =+$E$6 -> 29.94 | G25: =E25*D25 -> 12.6805
C26: Preu perfil tipus | G26: =ROUND(SUM(G21:G25),2) -> 54.56 | H26: =SUM(D21:D25) -> 1
B27: Evolutiu recurrent | C27: =+$C$3 -> Coordinador/a de contracte | D27: 0.1 | E27: =$D$3 -> 84.93 | F27: =+$E$3 -> 70.19 | G27: =E27*D27 -> 8.493
C28: =+$C$4 -> Tècnic/a de sistemes | D28: 0.05 | E28: =$D$4 -> 36.23 | F28: =+$E$4 -> 29.94 | G28: =E28*D28 -> 1.8115
C29: =+$C$5 -> Cap de projecte | D29: 0.35 | E29: =$D$5 -> 61.9 | F29: =+$E$5 -> 51.16 | G29: =E29*D29 -> 21.665
C30: =+$C$7 -> Arquitecte/a J2EE | D30: 0.15 | E30: =$D$7 -> 66.04 | F30: =+$E$7 -> 54.58 | G30: =E30*D30 -> 9.906
C31: =+$C$6 -> Programador/a J2EE | D31: 0.35 | E31: =$D$6 -> 36.23 | F31: =+$E$6 -> 29.94 | G31: =E31*D31 -> 12.6805
C32: Preu perfil tipus | G32: =ROUND(SUM(G27:G31),2) -> 54.56 | H32: =SUM(D27:D31) -> 1
B33: Serveis Transversals de Manteniment | C33: =+$C$3 -> Coordinador/a de contracte | D33: 0.2 | E33: =$D$3 -> 84.93 | F33: =+$E$3 -> 70.19 | G33: =E33*D33 -> 16.986
C34: =+$C$4 -> Tècnic/a de sistemes | D34: 0.3 | E34: =$D$4 -> 36.23 | F34: =+$E$4 -> 29.94 | G34: =E34*D34 -> 10.869
C35: =+$C$5 -> Cap de projecte | D35: 0.2 | E35: =$D$5 -> 61.9 | F35: =+$E$5 -> 51.16 | G35: =E35*D35 -> 12.38
C36: =+$C$7 -> Arquitecte/a J2EE | D36: 0.05 | E36: =$D$7 -> 66.04 | F36: =+$E$7 -> 54.58 | G36: =E36*D36 -> 3.302
C37: =+$C$6 -> Programador/a J2EE | D37: 0.25 | E37: =$D$6 -> 36.23 | F37: =+$E$6 -> 29.94 | G37: =E37*D37 -> 9.0575
C38: Preu perfil tipus | G38: =ROUND(SUM(G33:G37),2) -> 52.59 | H38: =SUM(D33:D37) -> 1
B40: Servei plec | C40: Evolutiu | D40: Unitats | E40: Preu unitat IVA inclòs | F40: Preu unitat IVA exclòs | G40: Preu evolutiu IVA inclòs | H40: Preu evolutiu IVA exclòs
B41: Evolutiu recurrent | C41: 4.8.1 Renovació dels ordinadors de les peanyes per obsolescència tecnològica | D41: =+'Evol identificats'!C4 -> 40 | E41: =+D10 -> 950 | F41: =+E10 -> 785.12 | G41: =+ROUND(D41*E41,2) -> 38000 | H41: =+ROUND(D41*F41,2) -> 31404.8
C42: 4.8.2 Renovació dels monitors de visualització de torns per obsolescència tecnològica | D42: =+'Evol identificats'!C12 -> 40 | E42: =+D11 -> 1050 | F42: =+E11 -> 867.77 | G42: =+ROUND(D42*E42,2) -> 42000 | H42: =+ROUND(D42*F42,2) -> 34710.8
C43: 4.8.3 Adquisició i instal·lació de llicències dels lectors ICAR per la lectura de noves versions dels documents identificatius pels quioscs | D43: =+'Evol identificats'!C20 -> 20 | E43: =+D12 -> 1210 | F43: =+E12 -> 1000 | G43: =+ROUND(D43*E43,2) -> 24200 | H43: =+ROUND(D43*F43,2) -> 20000
C44: Preu perfil tipus | G44: =ROUND(SUM(G41:G43),2) -> 104200 | H44: =ROUND(SUM(H41:H43),2) -> 86115.6 | I44: =SUM(D41:D43) -> 100

Sheet Taules IJ
A2: Distribució de pressupost per any i per servei
B4: 2023 | E4: 2024 | H4: 2025 | K4: 2026
A5: Serveis | B5: Import net | C5: IVA 21% | D5: Import total | E5: Import net | F5: IVA 21% | G5: Import total | H5: Import net | I5: IVA 21% | J5: Import total | K5: Import net | L5: IVA 21% | M5: Import total | N5: Total import net | O5: Total IVA 21% | P5: Total import contracte
A6: =+'Càlcul pressupost '!D6 -> Manteniment correctiu | B6: =ROUND('Càlcul pressupost '!F6/1.21,2) -> 5320.83 | C6: =ROUND(B6*0.21,2) -> 1117.37 | D6: =+B6+C6 -> 6438.2 | E6: =ROUND('Càlcul pressupost '!G6/1.21,2) -> 18496.24 | F6: =ROUND(E6*0.21,2) -> 3884.21 | G6: =+E6+F6 -> 22380.45 | H6: =ROUND('Càlcul pressupost '!H6/1.21,2) -> 18496.24 | I6: =ROUND(H6*0.21,2) -> 3884.21 | J6: =+H6+I6 -> 22380.45 | K6: =ROUND('Càlcul pressupost '!I6/1.21,2) -> 12770.01 | L6: =ROUND(K6*0.21,2) -> 2681.7 | M6: =+K6+L6 -> 15451.71 | N6: =+B6+E6+H6+K6 -> 55083.32 | O6: =+C6+F6+I6+L6 -> 11567.49 | P6: =+D6+G6+J6+M6 -> 66650.81
A7: =+'Càlcul pressupost '!D7 -> Manteniment recurrent | B7: =ROUND('Càlcul pressupost '!F7/1.21,2) -> 13160.34 | C7: =ROUND(B7*0.21,2) -> 2763.67 | D7: =+B7+C7 -> 15924.01 | E7: =ROUND('Càlcul pressupost '!G7/1.21,2) -> 29710.71 | F7: =ROUND(E7*0.21,2) -> 6239.25 | G7: =+E7+F7 -> 35949.96 | H7: =ROUND('Càlcul pressupost '!H7/1.21,2) -> 29710.71 | I7: =ROUND(H7*0.21,2) -> 6239.25 | J7: =+H7+I7 -> 35949.96 | K7: =ROUND('Càlcul pressupost '!I7/1.21,2) -> 20512.6 | L7: =ROUND(K7*0.21,2) -> 4307.65 | M7: =+K7+L7 -> 24820.25 | N7: =+B7+E7+H7+K7 -> 93094.36 | O7: =+C7+F7+I7+L7 -> 19549.82 | P7: =+D7+G7+J7+M7 -> 112644.18
A8: =+'Càlcul pressupost '!D8 -> Serveis d’evolutius recurrents | B8: =ROUND('Càlcul pressupost '!F8/1.21,2) -> 14876.03 | C8: =ROUND(B8*0.21,2) -> 3123.97 | D8: =+B8+C8 -> 18000 | E8: =ROUND('Càlcul pressupost '!G8/1.21,2) -> 14876.03 | F8: =ROUND(E8*0.21,2) -> 3123.97 | G8: =+E8+F8 -> 18000 | H8: =ROUND('Càlcul pressupost '!H8/1.21,2) -> 14876.03 | I8: =ROUND(H8*0.21,2) -> 3123.97 | J8: =+H8+I8 -> 18000 | K8: =ROUND('Càlcul pressupost '!I8/1.21,2) -> 10270.58 | L8: =ROUND(K8*0.21,2) -> 2156.82 | M8: =+K8+L8 -> 12427.4 | N8: =+B8+E8+H8+K8 -> 54898.67 | O8: =+C8+F8+I8+L8 -> 11528.73 | P8: =+D8+G8+J8+M8 -> 66427.4
A9: =+'Càlcul pressupost '!D9 -> Evolutiu identificat | B9: =ROUND('Càlcul pressupost '!F9/1.21,2) -> 86115.7 | C9: =ROUND(B9*0.21,2) -> 18084.3 | D9: =+B9+C9 -> 104200 | E9: =ROUND('Càlcul pressupost '!G9/1.21,2) -> 0 | F9: =ROUND(E9*0.21,2) -> 0 | G9: =+E9+F9 -> 0 | H9: =ROUND('Càlcul pressupost '!H9/1.21,2) -> 0 | I9: =ROUND(H9*0.21,2) -> 0 | J9: =+H9+I9 -> 0 | K9: =ROUND('Càlcul pressupost '!I9/1.21,2) -> 0 | L9: =ROUND(K9*0.21,2) -> 0 | M9: =+K9+L9 -> 0 | N9: =+B9+E9+H9+K9 -> 86115.7 | O9: =+C9+F9+I9+L9 -> 18084.3 | P9: =+D9+G9+J9+M9 -> 104200
A10: =+'Càlcul pressupost '!D10 -> Serveis Transversals de Manteniment | B10: =ROUND('Càlcul pressupost '!F10/1.21,2) -> 24382.45 | C10: =ROUND(B10*0.21,2) -> 5120.31 | D10: =+B10+C10 -> 29502.76 | E10: =ROUND('Càlcul pressupost '!G10/1.21,2) -> 57906.09 | F10: =ROUND(E10*0.21,2) -> 12160.28 | G10: =+E10+F10 -> 70066.37 | H10: =ROUND('Càlcul pressupost '!H10/1.21,2) -> 49880.88 | I10: =ROUND(H10*0.21,2) -> 10474.98 | J10: =+H10+I10 -> 60355.86 | K10: =ROUND('Càlcul pressupost '!I10/1.21,2) -> 38291.65 | L10: =ROUND(K10*0.21,2) -> 8041.25 | M10: =+K10+L10 -> 46332.9 | N10: =+B10+E10+H10+K10 -> 170461.07 | O10: =+C10+F10+I10+L10 -> 35796.82 | P10: =+D10+G10+J10+M10 -> 206257.89
B11: =SUM(B6:B10) -> 143855.35 | C11: =SUM(C6:C10) -> 30209.62 | D11: =SUM(D6:D10) -> 174064.97 | E11: =SUM(E6:E10) -> 120989.07 | F11: =SUM(F6:F10) -> 25407.71 | G11: =SUM(G6:G10) -> 146396.78 | H11: =SUM(H6:H10) -> 112963.86 | I11: =SUM(I6:I10) -> 23722.41 | ... P11: =SUM(P6:P10) -> 556180.28
A13: Distribució de pressupost per any
A15: TOTAL
A16: Any | B16: Pressupost net | C16: IVA | D16: Import total
A17: 2023 | B17: =+B11 -> 143855.35 | C17: =+C11 -> 30209.62 | D17: =+B17+C17 -> 174064.97 | E17: (*) L'import total de l'IVA correspon al sumatori dels imports individuals detallats a la taula anterior (fila 11, columnes C, F, I, L) i no a l'aplicació directa de l'IVA actual del 21% sobre el pressupost net totalitzat (files 17 a 20 columna B).
A18: 2024 | B18: =+E11 -> 120989.07 | C18: =+F11 -> 25407.71 | D18: =+G11 -> 146396.78
A19: 2025 | B19: =+H11 -> 112963.86 | C19: =+I11 -> 23722.41 | D19: =+J11 -> 136686.27
A20: 2026 | B20: =+K11 -> 81844.84 | C20: =+L11 -> 17187.42 | D20: =+M11 -> 99032.26
A21: Total | B21: =SUM(B17:B20) -> 459653.12 | C21: =SUM(C17:C20) -> 96527.16 | D21: =SUM(D17:D20) -> 556180.28
D22: =+B21*1.21 -> 556180.28
A24: Distribució de pressupost per any
A26: Any | B26: Període | C26: Capítol | D26: Import total | E26: Pressupost net | F26: IVA | H26: Any | I26: C2 | J26: C6
A27: 2023 | B27: del 10-5 al 31-12 | C27: II | D27: =+D6+D7+D10 -> 51864.97 | E27: =+B6+B7+B10 -> 42863.62 | F27: =+C6+C7+C10 -> 9001.35 | H27: 2023 | I27: =D27 -> 51864.97
A28: 2023 | B28: del 10-5 al 31-12 | C28: VI | D28: =+D8+D9 -> 122200 | E28: =+B8+B9 -> 100991.73 | F28: =+C8+C9 -> 21208.27 | H28: 2023 | J28: =D28 -> 122200
A29: 2024 | B29: de l'1-1 al 31-12 | C29: II | D29: =+G6+G7+G10 -> 128396.78 | E29: =+E6+E7+E10 -> 106113.04 | F29: =+F6+F7+F10 -> 22283.74 | H29: 2024 | I29: =D29 -> 128396.78
A30: 2024 | B30: de l'1-1 al 31-12 | C30: VI | D30: =+G8 -> 18000 | E30: =+E8 -> 14876.03 | F30: =+F8 -> 3123.97 | H30: 2024 | J30: =D30 -> 18000
A31: 2025 | B31: de l'1-1 al 31-12 | C31: II | D31: =+J6+J7+J10 -> 118686.27 | E31: =+H6+H7+H10 -> 98087.83 | F31: =+I6+I7+I10 -> 20598.44 | H31: 2025 | I31: =D31 -> 118686.27
A32: 2025 | B32: de l'1-1 al 31-12 | C32: VI | D32: =+J8 -> 18000 | E32: =+H8 -> 14876.03 | F32: =+I8 -> 3123.97 | H32: 2025 | J32: =D32 -> 18000
A33: 2026 | B33: de l'1-1 al 9-5 | C33: II | D33: =+M6+M7+M10 -> 86604.86 | E33: =+K6+K7+K10 -> 71574.26 | F33: =+L6+L7+L10 -> 15030.6 | H33: 2026 | I33: =D33 -> 86604.86
A34: 2026 | B34: de l'1-1 al 9-5 | C34: VI | D34: =+M8 -> 12427.4 | E34: =+K8 -> 10270.58 | F34: =+L8 -> 2156.82 | H34: 2026 | J34: =+D34 -> 12427.4
A35: Total | D35: =SUM(D27:D34) -> 556180.28 | E35: =SUM(E27:E34) -> 459653.12 | F35: =SUM(F27:F34) -> 96527.16 | H35: Total | I35: =SUM(I27:I34) -> 385552.88 | J35: =SUM(J27:J34) -> 170627.4 | K35: =I35+J35 -> 556180.28
A38: Modificacions de contracte: ampliació / disminució
A39: Causes previstes de modificació | B39: Import contracte (IVA inclòs) | C39: % Ampliació sobre import del contracte | D39: Import màxim ampliació (amb IVA) | E39: % Disminució sobre import del contracte | F39: Import màxim disminució (amb IVA)
A40: Modificacions per augment o disminució de volumetries en Serveis/Aplicacions | B40: 556180.28 | C40: 0.2 | D40: 111236.06 | E40: 0.2 | F40: 111236.06
A41: TOTAL | B41: =SUM(B40:B40) -> 556180.28 | C41: =SUM(C40:C40) -> 0.2 | D41: =SUM(D40:D40) -> 111236.06 | E41: =SUM(E40:E40) -> 0.2 | F41: =SUM(F40:F40) -> 111236.06
D42: =+ROUND(D41/1.21,2) -> 91930.63 | F42: =+ROUND(F41/1.21,2) -> 91930.63
D43: IVA EXCLÒS | F43: IVA EXCLÒS
A44: VEC
B46: VE prestació | C46: VE eventuals pròrrogues | D46: VE modificacions contracte amb increment de cost previstes | E46: VE modificacions contracte amb disminució de cost previstes | F46: SUMA
A47: 2023 | B47: 143855.35 | D47: 21989.84 | E47: -21989.84 | F47: 165845.19
A48: 2024 | B48: 120989.07 | D48: 18494.49 | E48: -18494.49 | F48: 139483.56
A49: 2025 | B49: 112963.86 | D49: 17267.75 | E49: -17267.75 | F49: 130231.61
A50: 2026 | B50: 81844.84 | C50: 21717.75 | D50: 15830.66 | E50: -15830.66 | F50: 119393.25
A51: 2027 | C51: 82596.92 | D51: 12625.83 | E51: -12625.83 | F51: 95222.75
A52: 2028 | C52: 37433.14 | D52: 5722.06 | E52: -5722.06 | F52: 43155.2
A53: Total | B53: 459653.12 | C53: 141747.81 | D53: 91930.63 | E53: -91930.63 | F53: 693331.56
A58: VEC | B58: Marges possibles solvènvia
A59: =+F53 -> 693331.56 | B59: Solvència económica | D59: Solvència tècnica
A60: Anys de contracte | B60: ACONSELLABLE | C60: MÀXIM | D60: MÍNIM | E60: MÀXIM
A61: 5 | B61: =+C61/A61 -> 207999.47 | C61: =1.5*A59 -> 1039997.3 | D61: =ROUND(A59*2/3/A61,2) -> 92444.21 | E61: =+C61 -> 1039997.3
B62: 1,5 x VEC / anys de contracte | C62: 1,5 x VEC | D62: 2/3 VEC / anys de contracte | E62: 1,5 x VEC

Sheet Costos Indirectes
A2: CÀLCUL COSTOS DIRECTES I INDIRECTES PEL PROJECTE
C4: Preu IVA exclòs | D4: Benefici Industrial (20%) | E4: Cost Total | F4: Cost Indirecte (6,4 %) | G4: Suma costos Indirectes | H4: Cost personal | I4: Seguretat Social (34%) | J4: Salari Brut | K4: Suma costos directes
C5: ='Taules IJ'!B21 -> 459653.12 | D5: =ROUND(C5*0.2, 2) -> 91930.62 | E5: =ROUND(C5-D5, 2) -> 367722.5 | F5: =ROUND(C5*0.064, 2) -> 29417.8 | G5: =ROUND(D5+F5, 2) -> 121348.42 | H5: =ROUND(E5-F5, 2) -> 338304.7 | I5: =ROUND(H5*(0.34/1.34), 2) -> 85838.51 | J5: =ROUND(H5-I5, 2) -> 252466.19 | K5: =+H5 -> 338304.7
C7: Costos directes:
C8: Costos salarials - Salari Brut | D8: =J5 -> 252466.19
C9: Costos salarials - Seguretat Social (34%)* | D9: =I5 -> 85838.51
C10: TOTAL (Suma costos directes) | D10: =+K5 -> 338304.7
C12: Costos indirectes:
C13: Despeses generals d’estructura (6,40%)** | D13: =F5 -> 29417.8
C14: Benefici industrial (20%)** | D14: =D5 -> 91930.62
C15: TOTAL (Suma costos indirectes) | D15: =G5 -> 121348.42
C17: TOTAL DE COSTOS (directes + indirectes): | D17: =D10+D15 -> 459653.12
C18: *Percentatge calculat sobre el salari brut.
C19: **Percentatge calculat sobre el cost total del contracte.

Sheet Taula LOT-SERV-APP
A1: Contracte | B1: Servei | C1: Aplicació | D1: Lot X | E1: 2 lots!!
A2: G0389 | B2: SER0044 | C2: APP0860-SAP Subvencions | D2: 2
A3: G0389 | B3: SER0044 | C3: APP0861-SAP Convenis | D3: 2
A4: G0389 | B4: SER0044 | C4: APP0943-Expedient bustia etica | D4: 2
A5: G0389 | B5: SER0412 | C5: APP0867-Recepció factura electrònica | D5: 2
A6: G0389 | B6: SER0412 | C6: APP0864-Emissio factura electrònica | D6: 2
A7: G0389 | B7: SER0411 | C7: APP0866-FENS | D7: 2
A8: G0389 | B8: SER0474 | C8: APP0896-Gestió de bestretes | D8: 2
A9: G0389 | B9: SER0473 | C9: APP0895-Expedients economics(core) | D9: 2
A10: G0389 | B10: SER0038 | C10: APP0150-Compres | D10: 2
A11: G0389 | B11: SER0474 | C11: APP0898-Autorització de viatges | D11: 2
A13: G0389 | B13: SER0031 | C13: APP0176-COPERNICO | D13: 1
A14: G0389 | B14: SER0031 | C14: APP0719-Digitalització actes del plenari | D14: 1
... A34: G0074 | B34: SER0150 | C34: APP0071-Autorització comissió de servei | D34: 1
A36: Quden fora d'abast:
A37: GR | B37: SER0028 | C37: APP0360-Inmagic | D37: No | E37: Producte
A38: GR | B38: SER0028 | C38: APP0859-Unicorn-hyperion | D38: No
A39: GR | B39: SER0028 | C39: APP0868-Albala | D39: No
A40: GR | B40: SER0044 | C40: APP0262-eSubvencions | D40: No | E40: Contrato a parte
A41: GR | B41: Governança de serveis i projectes | D41: No
A42: GR | B42: Governança de gestió d'actius | D42: No
A43: GR | B43: Bustia etica | D43: No
A45: G0026 | B45: SER0028 | C45: APP0858-BCNROC | D45: No | E45: Producte
A46: G0024 | B46: SER0204 | C46: APP0862-Gestió Actius | D46: No
A47: G0004 | B47: SER0032 | C47: APP0373-INFOLEX | D47: No | E47: Producte
A48: G0004 | B48: SER0032 | C48: APP0865-Infolex de consulta | D48: No | E48: Producte
A49: G0018 | B49: SER0046 | C49: APP0169-Consums energetics | D49: No
A50: G0018 | B50: SER0047 | C50: APP0421-Manteniment Edificis | D50: No
A51: ? | C51: BKM | D51: No | E51: Producte
A52: Mediacloud | B52: SER0031 | C52: APP0478-Organismes Municipals | D52: No

Sheet Taula Estimació de dades
A1: LOT 2
A2: Contracte | B2: Servei | C2: Aplicació | D2: h Manteniment correctiu | E2: Preu/hora | F2: € Manteniment correctiu | G2: h Manteniment recurrent | H2: Preu/hora | I2: € Manteniment recurrent | J2: h OT | K2: Preu/hora | L2: € OT | M2: DATA INICI NOUS SERVEIS
A3: G0389 | B3: SER0044 | C3: APP0860-SAP Subvencions | D3: 75.29 | E3: 53.57 | F3: =D3*E3 -> 4033.2853 | G3: 570 | H3: 53.57 | I3: =G3*H3 -> 30534.9 | J3: 96.7935 | K3: 57.5 | L3: =J3*K3 -> 5565.6263
A4: G0389 | B4: SER0044 | C4: APP0861-SAP Convenis | D4: 288.60029 | E4: 53.57 | F4: =D4*E4 -> 15460.317 | G4: 577.20058 | H4: 53.57 | I4: =G4*H4 -> 30920.635 | J4: 129.87013 | K4: 57.5 | L4: =J4*K4 -> 7467.5325
A5: G0389 | B5: SER0044 | C5: APP0943-Expedient bustia etica | D5: 29.106349 | E5: 53.57 | F5: =D5*E5 -> 1559.2271 | G5: 89.798846 | H5: 53.57 | I5: =G5*H5 -> 4810.5242 | J5: 17.835779 | K5: 57.5 | L5: =J5*K5 -> 1025.5573
A6: G0389 | B6: SER0412 | C6: APP0867-Recepció factura electrònica | D6: 200 | E6: 53.57 | F6: =D6*E6 -> 10714 | G6: 220 | H6: 53.57 | I6: =G6*H6 -> 11785.4 | J6: 63 | K6: 57.5 | L6: =J6*K6 -> 3622.5
A7: G0389 | B7: SER0412 | C7: APP0864-Emissio factura electrònica | D7: 36.492063 | E7: 53.57 | F7: =D7*E7 -> 1954.8798 | G7: 72.984127 | H7: 53.57 | I7: =G7*H7 -> 3909.7597 | J7: 16.421429 | K7: 57.5 | L7: =J7*K7 -> 944.23214
A8: G0389 | B8: SER0411 | C8: APP0866-FENS | D8: 20 | E8: 53.57 | F8: =D8*E8 -> 1071.4 | G8: 85 | H8: 53.57 | I8: =G8*H8 -> 4553.45 | J8: 15.75 | K8: 57.5 | L8: =J8*K8 -> 905.625
A9: G0389 | B9: SER0474 | C9: APP0896-Gestió de bestretes | D9: 103.671 | E9: 53.57 | F9: =D9*E9 -> 5553.6552 | G9: 434.23719 | H9: 53.57 | I9: =G9*H9 -> 23262.086 | J9: 80.686227 | K9: 57.5 | L9: =J9*K9 -> 4639.4581
A10: G0389 | B10: SER0473 | C10: APP0895-Expedients economics(core) | D10: 0 | E10: 53.57 | F10: =D10*E10 -> 0 | G10: 202.4 | H10: 53.57 | I10: =G10*H10 -> 10842.568 | J10: 30.36 | K10: 57.5 | L10: =J10*K10 -> 1745.7
A11: G0389 | B11: SER0038 | C11: APP0150-Compres | D11: 0 | E11: 53.57 | F11: =D11*E11 -> 0 | G11: 159.03 | H11: 53.57 | I11: =G11*H11 -> 8519.2371 | J11: 23.8545 | K11: 57.5 | L11: =J11*K11 -> 1371.6337 | N11: Varia de molt poc
A12: G0389 | B12: SER0474 | C12: APP0898-Autorització de viatges | D12: 0 | E12: 53.57 | F12: =D12*E12 -> 0 | G12: 0 | H12: 53.57 | I12: =G12*H12 -> 0 | J12: 0 | K12: 57.5 | L12: =J12*K12 -> 0
A13: GR | B13: SER0044 | C13: APP0262-eSubvencions | D13: 288.60029 | E13: 53.57 | F13: =D13*E13 -> 15460.317 | G13: 649.35065 | H13: 53.57 | I13: =G13*H13 -> 34785.714 | J13: 140.69264 | K13: 57.5 | L13: =J13*K13 -> 8089.8268 | M13: 43466
D14: =SUM(D3:D13) -> 1041.76 | F14: =SUM(F3:F13) -> 55807.082 | G14: =SUM(G3:G13) -> 3060.0014 | I14: =SUM(I3:I13) -> 163924.27 | J14: =SUM(J3:J13) -> 615.26421 | L14: =SUM(L3:L13) -> 35377.692
A16: A partir de 16/05/2018
A17: Contracte | B17: Servei | C17: Aplicació | D17: h Manteniment correctiu | E17: h A partir 16/05/2018 | F17: Preu/hora | G17: € Manteniment correctiu | H17: h Manteniment recurrent | I17: h A partir 16/05/2018 | J17: Preu/hora | K17: € Manteniment recurrent | L17: h OT | M17: h A partir 16/05/2018 | N17: Preu/hora | O17: € OT | P17: DATA INICI NOUS SERVEIS
A18: G0389 | B18: SER0044 | C18: APP0860-SAP Subvencions | D18: 75.29 | E18: =D18/365*197.5 -> 40.73911 | F18: 53.57 | G18: =E18*F18 -> 2182.3941 | H18: 570 | I18: =H18/365*197.5 -> 308.42466 | J18: 53.57 | K18: =I18*J18 -> 16522.309 | L18: 96.7935 | M18: =L18/365*197.5 -> 52.374565 | N18: 57.5 | O18: =M18*N18 -> 3011.5375
A19: G0389 | B19: SER0044 | C19: APP0861-SAP Convenis | D19: 288.60029 | E19: =D19/365*197.5 -> 156.16043 | F19: 53.57 | G19: =E19*F19 -> 8365.5142 | H19: 577.20058 | I19: =H19/365*197.5 -> 312.32086 | J19: 53.57 | K19: =I19*J19 -> 16731.028 | L19: 129.87013 | M19: =L19/365*197.5 -> 70.272194 | N19: 57.5 | O19: =M19*N19 -> 4040.6511
A20: G0389 | B20: SER0044 | C20: APP0943-Expedient bustia etica | D20: 29.106349 | E20: =D20/365*197.5 -> 15.749326 | F20: 53.57 | G20: =E20*F20 -> 843.69139 | H20: 89.798846 | I20: =H20/365*197.5 -> 48.589786 | J20: 53.57 | K20: =I20*J20 -> 2602.9549 | L20: 17.835779 | M20: =L20/365*197.5 -> 9.6508668 | N20: 57.5 | O20: =M20*N20 -> 554.92484
A21: G0389 | B21: SER0412 | C21: APP0867-Recepció factura electrònica | D21: 200 | E21: =D21/365*197.5 -> 108.21918 | F21: 53.57 | G21: =E21*F21 -> 5797.3014 | H21: 220 | I21: =H21/365*197.5 -> 119.0411 | J21: 53.57 | K21: =I21*J21 -> 6377.0315 | L21: 63 | M21: =L21/365*197.5 -> 34.089041 | N21: 57.5 | O21: =M21*N21 -> 1960.1199
A22: G0389 | B22: SER0412 | C22: APP0864-Emissio factura electrònica | D22: 36.492063 | E22: =D22/365*197.5 -> 19.745706 | F22: 53.57 | G22: =E22*F22 -> 1057.7774 | H22: 72.984127 | I22: =H22/365*197.5 -> 39.491411 | J22: 53.57 | K22: =I22*J22 -> 2115.5549 | L22: 16.421429 | M22: =L22/365*197.5 -> 8.8855675 | N22: 57.5 | O22: =M22*N22 -> 510.92013
A23: G0389 | B23: SER0411 | C23: APP0866-FENS | D23: 20 | E23: =D23/365*197.5 -> 10.821918 | F23: 53.57 | G23: =E23*F23 -> 579.73014 | H23: 85 | I23: =H23/365*197.5 -> 45.993151 | J23: 53.57 | K23: =I23*J23 -> 2463.8531 | L23: 15.75 | M23: =L23/365*197.5 -> 8.5222603 | N23: 57.5 | O23: =M23*N23 -> 490.02997
A24: G0389 | B24: SER0474 | C24: APP0896-Gestió de bestretes | D24: 103.671 | E24: =D24/365*197.5 -> 56.09595 | F24: 53.57 | G24: =E24*F24 -> 3005.06 | H24: 434.23719 | I24: =H24/365*197.5 -> 234.96396 | J24: 53.57 | K24: =I24*J24 -> 12587.019 | L24: 80.686227 | M24: =L24/365*197.5 -> 43.658986 | N24: 57.5 | O24: =M24*N24 -> 2510.3917
A25: G0389 | B25: SER0473 | C25: APP0895-Expedients economics(core) | D25: 0 | E25: =D25/365*197.5 -> 0 | F25: 53.57 | G25: =E25*F25 -> 0 | H25: 202.4 | I25: =H25/365*197.5 -> 109.51781 | J25: 53.57 | K25: =I25*J25 -> 5866.869 | L25: 30.36 | M25: =L25/365*197.5 -> 16.427671 | N25: 57.5 | O25: =M25*N25 -> 944.5911
A26: G0389 | B26: SER0038 | C26: APP0150-Compres | D26: 0 | E26: =D26/365*197.5 -> 0 | F26: 53.57 | G26: =E26*F26 -> 0 | H26: 159.03 | I26: =H26/365*197.5 -> 86.050479 | J26: 53.57 | K26: =I26*J26 -> 4609.7242 | L26: 23.8545 | M26: =L26/365*197.5 -> 12.907572 | N26: 57.5 | O26: =M26*N26 -> 742.18539 | Q26: Varia de molt poc
A27: G0389 | B27: SER0474 | C27: APP0898-Autorització de viatges | D27: 0 | E27: =D27/365*197.5 -> 0 | F27: 53.57 | G27: =E27*F27 -> 0 | H27: 0 | I27: =H27/365*197.5 -> 0 | J27: 53.57 | K27: =I27*J27 -> 0 | L27: 0 | M27: =L27/365*197.5 -> 0 | N27: 57.5 | O27: =M27*N27 -> 0
A28: GR | B28: SER0044 | C28: APP0262-eSubvencions | D28: 288.60029 | E28: =D28/365*197.5 -> 156.16043 | F28: 53.57 | G28: =E28*F28 -> 8365.5142 | H28: 649.35065 | I28: =H28/365*197.5 -> 351.36097 | J28: 53.57 | K28: =I28*J28 -> 18822.407 | L28: 140.69264 | M28: =L28/365*197.5 -> 76.12821 | N28: 57.5 | O28: =M28*N28 -> 4377.3721 | P28: 43466
E29: =SUM(E18:E28) -> 563.69205 | G29: =SUM(G18:G28) -> 30196.983 | I29: =SUM(I18:I28) -> 1655.7542 | K29: =SUM(K18:K28) -> 88698.751 | M29: =SUM(M18:M28) -> 332.91693 | O29: =SUM(O18:O28) -> 19142.724
A30: GERÈNCIA DE RECURSOS (GR) LOT2 SAP | B30: Glòria Santamaria | C30: 321139.87 | D30: =+C30*3 -> 963419.62 | G30: =+D30/36*M30*0.25 -> 13380.828 | H30: 0 | J30: =+D30+G30+H30 -> 976800.45 | K30: S | M30: 2 | N30: 43101 | O30: 43236 | P30: 43236 | Q30: 43297
F32: CORR-RECU-OT | G32: TRANS
E33: 2018 | F33: =G29+K29+O29 -> 138038.46 | G33: =G30 -> 13380.828
E34: 2019 | F34: =F14+I14+L14 -> 255109.05
E35: 2020 | F35: =F14+I14+L14 -> 255109.05
E36: 2021 | F36: =F14+I14+L14 -> 255109.05
F37: =SUM(F33:F36) -> 903365.6 | G37: =SUM(G33:G36) -> 13380.828 | H37: =F37+G37 -> 916746.43
A39: LOT 1
A40: Contracte | B40: Servei | C40: Aplicació | D40: h Manteniment correctiu | E40: Preu/hora | F40: € Manteniment correctiu | G40: h Manteniment recurrent | H40: Preu/hora | I40: € Manteniment recurrent | J40: h OT | K40: Preu/hora | L40: € OT | M40: DATA INICI NOUS SERVEIS
A41: G0389 | B41: SER0031 | C41: APP0176-COPERNICO | D41: 209.25492 | E41: 46.59 | F41: =D41*E41 -> 9749.1868 | G41: 982.79691 | H41: 49.95 | I41: =G41*H41 -> 49090.706 | J41: 178.80777 | K41: 57.5 | L41: =J41*K41 -> 10281.447
A42: G0389 | B42: SER0031 | C42: APP0719-Digitalització actes del plenari | D42: 72.916667 | E42: 46.59 | F42: =D42*E42 -> 3397.1875 | G42: 853.57417 | H42: 49.95 | I42: =G42*H42 -> 42636.03 | J42: 138.97362 | K42: 57.5 | L42: =J42*K42 -> 7990.9834
A43: G0389 | B43: SER0031 | C43: APP0295-GASETA | D43: 161.31323 | E43: 46.59 | F43: =D43*E43 -> 7515.5835 | G43: 739.83205 | H43: 49.95 | I43: =G43*H43 -> 36954.611 | J43: 135.17179 | K43: 57.5 | L43: =J43*K43 -> 7772.378
A44: G0389 | B44: SER0153 | C44: APP0668-Tauler d'Edictes | D44: 43.75 | E44: 46.59 | F44: =D44*E44 -> 2038.3125 | G44: 688.42667 | H44: 49.95 | I44: =G44*H44 -> 34386.912 | J44: 109.8265 | K44: 57.5 | L44: =J44*K44 -> 6315.0237
A45: G0080 | B45: SER0031 | C45: APP0233-eDecrets | D45: 63.135559 | E45: 46.59 | F45: =D45*E45 -> 2941.4857 | G45: 174.43309 | H45: 49.95 | I45: =G45*H45 -> 8712.933 | J45: 35.635298 | K45: 57.5 | L45: =J45*K45 -> 2049.0296
A46: G0080 | B46: SER0031 | C46: APP0942-eDecretIns | D46: 63.135559 | E46: 46.59 | F46: =D46*E46 -> 2941.4857 | G46: 174.43309 | H46: 49.95 | I46: =G46*H46 -> 8712.933 | J46: 35.635298 | K46: 57.5 | L46: =J46*K46 -> 2049.0296
A47: G0079 | B47: SER0031 | C47: APP0340-GPD | D47: 201.75654 | E47: 46.59 | F47: =D47*E47 -> 9399.8373 | G47: 498.38026 | H47: 49.95 | I47: =G47*H47 -> 24894.094 | J47: 105.02052 | K47: 57.5 | L47: =J47*K47 -> 6038.6799
A48: H0094 | B48: SER0031 | C48: Nou registre d'interessos | D48: 199.35211 | E48: 46.59 | F48: =D48*E48 -> 9287.8146 | G48: 375.47097 | H48: 49.95 | I48: =G48*H48 -> 18754.775 | J48: 86.223461 | K48: 57.5 | L48: =J48*K48 -> 4957.849
A49: G0519 | B49: SER0414 | C49: Nou sistema d'alcaldia | D49: 996.76053 | E49: 46.59 | F49: =D49*E49 -> 46439.073 | G49: 1993.5211 | H49: 49.95 | I49: =G49*H49 -> 99576.377 | J49: 448.54224 | K49: 57.5 | L49: =J49*K49 -> 25791.179 | M49: 43405
A50: Projecte nou | C50: Nou expedient de bustia etica | D50: 249.19013 | E50: 46.59 | F50: =D50*E50 -> 11609.768 | G50: 747.5704 | H50: 49.95 | I50: =G50*H50 -> 37341.141 | J50: 149.51408 | K50: 57.5 | L50: =J50*K50 -> 8597.0596 | M50: 43252
A51: Projecte nou | C51: Nou organismes municipals | D51: 124.59507 | E51: 46.59 | F51: =D51*E51 -> 5804.8841 | G51: 498.38026 | H51: 49.95 | I51: =G51*H51 -> 24894.094 | J51: 93.4463 | K51: 57.5 | L51: =J51*K51 -> 5373.1622 | M51: 43252
A52: Projecte nou | C52: Nou GRA | D52: 124.59507 | E52: 46.59 | F52: =D52*E52 -> 5804.8841 | G52: 498.38026 | H52: 49.95 | I52: =G52*H52 -> 24894.094 | J52: 93.4463 | K52: 57.5 | L52: =J52*K52 -> 5373.1622 | M52: 43252
A54: G0080 | B54: SER0031 | C54: APP0591-RIS Unions civils | D54: 10.601545 | E54: 46.59 | F54: =D54*E54 -> 493.92598 | G54: 0 | H54: 49.95 | I54: =G54*H54 -> 0 | J54: 1.5902317 | K54: 57.5 | L54: =J54*K54 -> 91.438325
A55: G0080 | B55: SER0027 | C55: APP0571-RecGUB | D55: 85.016197 | E55: 46.59 | F55: =D55*E55 -> 3960.9046 | G55: 0 | H55: 49.95 | I55: =G55*H55 -> 0 | J55: 12.75243 | K55: 57.5 | L55: =J55*K55 -> 733.2647
A56: G0074 | B56: SER0027 | C56: APP0579-RIS centralitzat | D56: 28.842263 | E56: 46.59 | F56: =D56*E56 -> 1343.761 | G56: 0 | H56: 49.95 | I56: =G56*H56 -> 0 | J56: 4.3263394 | K56: 57.5 | L56: =J56*K56 -> 248.76452
A57: G0080 | B57: SER0032 | C57: APP0341-GRA | D57: 0 | E57: 46.59 | F57: =D57*E57 -> 0 | G57: 0 | H57: 49.95 | I57: =G57*H57 -> 0 | J57: 0 | K57: 57.5 | L57: =J57*K57 -> 0
A58: G0080 | B58: SER0413 | C58: APP0702-VIPS | D58: 0 | E58: 46.59 | F58: =D58*E58 -> 0 | G58: 121.44256 | H58: 49.95 | I58: =G58*H58 -> 6066.056 | J58: 18.216384 | K58: 57.5 | L58: =J58*K58 -> 1047.4421
A59: G0080 | B59: SER0413 | C59: APP0900 - ORGA | D59: 0 | E59: 46.59 | F59: =D59*E59 -> 0 | G59: 0 | H59: 49.95 | I59: =G59*H59 -> 0 | J59: 0 | K59: 57.5 | L59: =J59*K59 -> 0
A60: G0080 | B60: SER0413 | C60: APP0899 SIAP | D60: 0 | E60: 46.59 | F60: =D60*E60 -> 0 | G60: 0 | H60: 49.95 | I60: =G60*H60 -> 0 | J60: 0 | K60: 57.5 | L60: =J60*K60 -> 0
A61: G0080 | B61: SER0413 | C61: APP0896 VERDI | D61: 0 | E61: 46.59 | F61: =D61*E61 -> 0 | G61: 0 | H61: 49.95 | I61: =G61*H61 -> 0 | J61: 0 | K61: 57.5 | L61: =J61*K61 -> 0
A62: G0080 | B62: SER0414 | C62: APP0592-RISPLUS | D62: 654.49265 | E62: 46.59 | F62: =D62*E62 -> 30492.813 | G62: 747.5704 | H62: 49.95 | I62: =G62*H62 -> 37341.141 | J62: 210.30946 | K62: 57.5 | L62: =J62*K62 -> 12092.794
A63: G0074 | B63: SER0414 | C63: APP0294-GALIOT consulta històric | D63: 25.73237 | E63: 46.59 | F63: =D63*E63 -> 1198.8711 | G63: 0 | H63: 49.95 | I63: =G63*H63 -> 0 | J63: 3.8598555 | K63: 57.5 | L63: =J63*K63 -> 221.94169
D64: =SUM(D41:D63) -> 3314.4404 | F64: =SUM(F41:F63) -> 154419.78 | G64: =SUM(G41:G63) -> 9094.2121 | I64: =SUM(I41:I63) -> 454255.9 | J64: =SUM(J41:J63) -> 1861.2979 | L64: =SUM(L41:L63) -> 107024.63
A66: A partir de 16/05/2018
A67: Contracte | B67: Servei | C67: Aplicació | D67: h Manteniment correctiu | E67: h A partir 16/05/2018 | F67: Preu/hora | G67: € Manteniment correctiu | H67: h Manteniment recurrent | I67: h A partir 16/05/2018 | J67: Preu/hora | K67: € Manteniment recurrent | L67: h OT | M67: h A partir 16/05/2018 | N67: Preu/hora | O67: € OT | P67: DATA INICI NOUS SERVEIS
A68: G0389 | B68: SER0031 | C68: APP0176-COPERNICO | D68: 209.25492 | E68: =D68/365*197.5 -> 113.22698 | F68: 46.59 | G68: =E68*F68 -> 5275.2449 | H68: 982.79691 | I68: =H68/365*197.5 -> 531.78737 | J68: 49.95 | K68: =I68*J68 -> 26562.779 | L68: 178.80777 | M68: =L68/365*197.5 -> 96.752152 | N68: 57.5 | O68: =M68*N68 -> 5563.2487
A69: G0389 | B69: SER0031 | C69: APP0719-Digitalització actes del plenari | D69: 72.916667 | E69: =D69/365*197.5 -> 39.454909 | F69: 46.59 | G69: =E69*F69 -> 1838.2042 | H69: 853.57417 | I69: =H69/365*197.5 -> 461.86547 | J69: 49.95 | K69: =I69*J69 -> 23070.18 | L69: 138.97362 | M69: =L69/365*197.5 -> 75.198057 | N69: 57.5 | O69: =M69*N69 -> 4323.8883
A70: G0389 | B70: SER0031 | C70: APP0295-GASETA | D70: 161.31323 | E70: =D70/365*197.5 -> 87.285927 | F70: 46.59 | G70: =E70*F70 -> 4066.6513 | H70: 739.83205 | I70: =H70/365*197.5 -> 400.32008 | J70: 49.95 | K70: =I70*J70 -> 19995.988 | L70: 135.17179 | M70: =L70/365*197.5 -> 73.140901 | N70: 57.5 | O70: =M70*N70 -> 4205.6018
A71: G0389 | B71: SER0153 | C71: APP0668-Tauler d'Edictes | D71: 43.75 | E71: =D71/365*197.5 -> 23.672945 | F71: 46.59 | G71: =E71*F71 -> 1102.9225 | H71: 688.42667 | I71: =H71/365*197.5 -> 372.50484 | J71: 49.95 | K71: =I71*J71 -> 18606.617 | L71: 109.8265 | M71: =L71/365*197.5 -> 59.426668 | N71: 57.5 | O71: =M71*N71 -> 3417.0334
A72: G0080 | B72: SER0031 | C72: APP0233-eDecrets | D72: 63.135559 | E72: =D72/365*197.5 -> 34.162392 | F72: 46.59 | G72: =E72*F72 -> 1591.6258 | H72: 174.43309 | I72: =H72/365*197.5 -> 94.385029 | J72: 49.95 | K72: =I72*J72 -> 4714.5322 | L72: 35.635298 | M72: =L72/365*197.5 -> 19.282113 | N72: 57.5 | O72: =M72*N72 -> 1108.7215
A73: G0080 | B73: SER0031 | C73: APP0942-eDecretIns | D73: 63.135559 | E73: =D73/365*197.5 -> 34.162392 | F73: 46.59 | G73: =E73*F73 -> 1591.6258 | H73: 174.43309 | I73: =H73/365*197.5 -> 94.385029 | J73: 49.95 | K73: =I73*J73 -> 4714.5322 | L73: 35.635298 | M73: =L73/365*197.5 -> 19.282113 | N73: 57.5 | O73: =M73*N73 -> 1108.7215
A74: G0079 | B74: SER0031 | C74: APP0340-GPD | D74: 201.75654 | E74: =D74/365*197.5 -> 109.16964 | F74: 46.59 | G74: =E74*F74 -> 5086.2133 | H74: 498.38026 | I74: =H74/365*197.5 -> 269.67151 | J74: 49.95 | K74: =I74*J74 -> 13470.092 | L74: 105.02052 | M74: =L74/365*197.5 -> 56.826172 | N74: 57.5 | O74: =M74*N74 -> 3267.5049
A75: H0094 | B75: SER0031 | C75: Nou registre d'interessos | D75: 199.35211 | E75: =D75/365*197.5 -> 107.86861 | F75: 46.59 | G75: =E75*F75 -> 5025.5983 | H75: 375.47097 | I75: =H75/365*197.5 -> 203.1658 | J75: 49.95 | K75: =I75*J75 -> 10148.132 | L75: 86.223461 | M75: =L75/365*197.5 -> 46.655161 | N75: 57.5 | O75: =M75*N75 -> 2682.6717
A76: G0519 | B76: SER0414 | C76: Nou sistema d'alcaldia | D76: 996.76053 | E76: =D76/365*197.5 -> 539.34303 | F76: 46.59 | G76: =E76*F76 -> 25127.992 | H76: 1993.5211 | I76: =H76/365*197.5 -> 1078.6861 | J76: 49.95 | K76: =I76*J76 -> 53880.368 | L76: 448.54224 | M76: =L76/365*197.5 -> 242.70436 | N76: 57.5 | O76: =M76*N76 -> 13955.501 | P76: 43405
A77: Projecte nou | C77: Nou expedient de bustia etica | D77: 249.19013 | E77: =D77/365*197.5 -> 134.83576 | F77: 46.59 | G77: =E77*F77 -> 6281.9979 | H77: 747.5704 | I77: =H77/365*197.5 -> 404.50727 | J77: 49.95 | K77: =I77*J77 -> 20205.138 | L77: 149.51408 | M77: =L77/365*197.5 -> 80.901454 | N77: 57.5 | O77: =M77*N77 -> 4651.8336 | P77: 43252
A78: Projecte nou | C78: Nou organismes municipals | D78: 124.59507 | E78: =D78/365*197.5 -> 67.417878 | F78: 46.59 | G78: =E78*F78 -> 3140.9989 | H78: 498.38026 | I78: =H78/365*197.5 -> 269.67151 | J78: 49.95 | K78: =I78*J78 -> 13470.092 | L78: 93.4463 | M78: =L78/365*197.5 -> 50.563409 | N78: 57.5 | O78: =M78*N78 -> 2907.396 | P78: 43252
A79: Projecte nou | C79: Nou GRA | D79: 124.59507 | E79: =D79/365*197.5 -> 67.417878 | F79: 46.59 | G79: =E79*F79 -> 3140.9989 | H79: 498.38026 | I79: =H79/365*197.5 -> 269.67151 | J79: 49.95 | K79: =I79*J79 -> 13470.092 | L79: 93.4463 | M79: =L79/365*197.5 -> 50.563409 | N79: 57.5 | O79: =M79*N79 -> 2907.396 | P79: 43252
A81: G0080 | B81: SER0031 | C81: APP0591-RIS Unions civils | D81: 10.601545 | E81: =D81/365*197.5 -> 5.7364524 | F81: 46.59 | G81: =E81*F81 -> 267.26132 | H81: 0 | I81: =H81/365*197.5 -> 0 | J81: 49.95 | K81: =I81*J81 -> 0 | L81: 1.5902317 | M81: =L81/365*197.5 -> 0.86046786 | N81: 57.5 | O81: =M81*N81 -> 49.476902
A82: G0080 | B82: SER0027 | C82: APP0571-RecGUB | D82: 85.016197 | E82: =D82/365*197.5 -> 46.001915 | F82: 46.59 | G82: =E82*F82 -> 2143.2292 | H82: 0 | I82: =H82/365*197.5 -> 0 | J82: 49.95 | K82: =I82*J82 -> 0 | L82: 12.75243 | M82: =L82/365*197.5 -> 6.9002873 | N82: 57.5 | O82: =M82*N82 -> 396.76652
A83: G0074 | B83: SER0027 | C83: APP0579-RIS centralitzat | D83: 28.842263 | E83: =D83/365*197.5 -> 15.60643 | F83: 46.59 | G83: =E83*F83 -> 727.10356 | H83: 0 | I83: =H83/365*197.5 -> 0 | J83: 49.95 | K83: =I83*J83 -> 0 | L83: 4.3263394 | M83: =L83/365*197.5 -> 2.3409645 | N83: 57.5 | O83: =M83*N83 -> 134.60546
A84: G0080 | B84: SER0032 | C84: APP0341-GRA | D84: 0 | E84: =D84/365*197.5 -> 0 | F84: 46.59 | G84: =E84*F84 -> 0 | H84: 0 | I84: =H84/365*197.5 -> 0 | J84: 49.95 | K84: =I84*J84 -> 0 | L84: 0 | M84: =L84/365*197.5 -> 0 | N84: 57.5 | O84: =M84*N84 -> 0
A85: G0080 | B85: SER0413 | C85: APP0702-VIPS | D85: 0 | E85: =D85/365*197.5 -> 0 | F85: 46.59 | G85: =E85*F85 -> 0 | H85: 121.44256 | I85: =H85/365*197.5 -> 65.712071 | J85: 49.95 | K85: =I85*J85 -> 3282.3179 | L85: 18.216384 | M85: =L85/365*197.5 -> 9.8568107 | N85: 57.5 | O85: =M85*N85 -> 566.76661
A86: G0080 | B86: SER0413 | C86: APP0900 - ORGA | D86: 0 | E86: =D86/365*197.5 -> 0 | F86: 46.59 | G86: =E86*F86 -> 0 | H86: 0 | I86: =H86/365*197.5 -> 0 | J86: 49.95 | K86: =I86*J86 -> 0 | L86: 0 | M86: =L86/365*197.5 -> 0 | N86: 57.5 | O86: =M86*N86 -> 0
A87: G0080 | B87: SER0413 | C87: APP0899 SIAP | D87: 0 | E87: =D87/365*197.5 -> 0 | F87: 46.59 | G87: =E87*F87 -> 0 | H87: 0 | I87: =H87/365*197.5 -> 0 | J87: 49.95 | K87: =I87*J87 -> 0 | L87: 0 | M87: =L87/365*197.5 -> 0 | N87: 57.5 | O87: =M87*N87 -> 0
A88: G0080 | B88: SER0413 | C88: APP0896 VERDI | D88: 0 | E88: =D88/365*197.5 -> 0 | F88: 46.59 | G88: =E88*F88 -> 0 | H88: 0 | I88: =H88/365*197.5 -> 0 | J88: 49.95 | K88: =I88*J88 -> 0 | L88: 0 | M88: =L88/365*197.5 -> 0 | N88: 57.5 | O88: =M88*N88 -> 0
A89: G0080 | B89: SER0414 | C89: APP0592-RISPLUS | D89: 654.49265 | E89: =D89/365*197.5 -> 354.14328 | F89: 46.59 | G89: =E89*F89 -> 16499.536 | H89: 747.5704 | I89: =H89/365*197.5 -> 404.50727 | J89: 49.95 | K89: =I89*J89 -> 20205.138 | L89: 210.30946 | M89: =L89/365*197.5 -> 113.79758 | N89: 57.5 | O89: =M89*N89 -> 6543.361
A90: G0074 | B90: SER0414 | C90: APP0294-GALIOT consulta històric | D90: 25.73237 | E90: =D90/365*197.5 -> 13.92368 | F90: 46.59 | G90: =E90*F90 -> 648.70423 | H90: 0 | I90: =H90/365*197.5 -> 0 | J90: 49.95 | K90: =I90*J90 -> 0 | L90: 3.8598555 | M90: =L90/365*197.5 -> 2.0885519 | N90: 57.5 | O90: =M90*N90 -> 120.09174
E91: =SUM(E68:E90) -> 1793.4301 | G91: =SUM(G68:G90) -> 83555.907 | I91: =SUM(I68:I90) -> 4920.8408 | K91: =SUM(K68:K90) -> 245796 | M91: =SUM(M68:M90) -> 1007.1406 | O91: =SUM(O68:O90) -> 57910.587
A92: GERÈNCIA DE RECURSOS (GR) LOT1 J2EE | B92: Glòria Santamaria | C92: 582484.78 | D92: =+C92*3 -> 1747454.3 | G92: =+D92/36*M92*0.25 -> 24270.199 | H92: 0 | J92: =+D92+G92+H92 -> 1771724.5 | K92: S | M92: 2 | N92: 43101 | O92: 43236 | P92: 43236 | Q92: 43297
F94: CORR-RECU-OT | G94: TRANS
E95: 2018 | F95: =G91+K91+O91 -> 387262.49 | G95: =G92 -> 24270.199
E96: 2019 | F96: =F64+I64+L64 -> 715700.3
E97: 2020 | F97: =F64+I64+L64 -> 715700.3
E98: 2021 | F98: =F64+I64+L64 -> 715700.3
F99: =SUM(F95:F98) -> 2534363.4 | G99: =SUM(G95:G98) -> 24270.199 | H99: =F99+G99 -> 2558633.6
A104: Queden fora els següents manteniments:
A105: GR | B105: SER0028 | C105: APP0360-Inmagic | G105: 6000
A106: GR | B106: SER0028 | C106: APP0859-Unicorn-hyperion | G106: 11459.83
A107: GR | B107: SER0028 | C107: APP0868-Albala | G107: 21244.99
A108: GR | B108: SER0044 | C108: APP0262-eSubvencions | G108: 60000
A109: GR | B109: Governança de serveis i projectes | G109: 170000
A110: GR | B110: Governança de gestió d'actius | G110: 44000
A111: GR | B111: Bustia etica | G111: 6000
...

Sheet Hoja2

Sheet Càlcul imports quioscos
E1: Preu quiosc | F1: =1011.51*0.8 -> 809.208 | G1: Preu Retidada | H1: 1011.51 | I1: =F1*47 -> 38032.776
B2: Quioscos | D2: Retirats | E2: Import Q. | F2: Import Retirada | G2: Total Anual | H2: Dispositiu | I2: Retirada
A3: 2022 | B3: 47 | D3: 13
A4: 2023
B6: 34 | C6: 3T | D6: 3 | E6: =($F$1/12)*3*B6 -> 6878.268 | F6: =D6*$H$1 -> 3034.53 | G6: =SUM(E6:F7) -> 19218.69 | H6: =SUM(E6:E7) -> 13149.63 | I6: =SUM(F6:F7) -> 6069.06 | J6: =Perfils!$G$26 -> 54.56 | K6: =F1/J6 -> 14.831525
B7: =B6-D7 -> 31 | C7: 4T | D7: 3 | E7: =($F$1/12)*3*B7 -> 6271.362 | F7: =D7*$H$1 -> 3034.53
A8: 2024 | B8: =B7-D7 -> 28 | C8: 1T | D8: 3 | E8: =($F$1/12)*3*B8 -> 5664.456 | F8: =D8*$H$1 -> 3034.53 | G8: =SUM(E8:F11) -> 31154.508 | H8: =SUM(E8:E11) -> 19016.388 | I8: =SUM(F8:F11) -> 12138.12
B9: =B8-D8 -> 25 | C9: 2T | D9: 3 | E9: =($F$1/12)*3*B9 -> 5057.55 | F9: =D9*$H$1 -> 3034.53
B10: =B9-D9 -> 22 | C10: 3T | D10: 3 | E10: =($F$1/12)*3*B10 -> 4450.644 | F10: =D10*$H$1 -> 3034.53
B11: =B10-D11 -> 19 | C11: 4T | D11: 3 | E11: =($F$1/12)*3*B11 -> 3843.738 | F11: =D11*$H$1 -> 3034.53
A12: 2025 | B12: =B11-D11 -> 16 | C12: 1T | D12: 3 | E12: =($F$1/12)*3*B12 -> 3236.832 | F12: =D12*$H$1 -> 3034.53 | G12: =SUM(E12:F15) -> 21444.012 | H12: =SUM(E12:E15) -> 9305.892 | I12: =SUM(F12:F15) -> 12138.12
B13: =B12-D12 -> 13 | C13: 2T | D13: 3 | E13: =($F$1/12)*3*B13 -> 2629.926 | F13: =D13*$H$1 -> 3034.53
B14: =B13-D13 -> 10 | C14: 3T | D14: 3 | E14: =($F$1/12)*3*B14 -> 2023.02 | F14: =D14*$H$1 -> 3034.53
B15: =B14-D14 -> 7 | C15: 4T | D15: 3 | E15: =($F$1/12)*3*B15 -> 1416.114 | F15: =D15*$H$1 -> 3034.53
A16: 2026 | B16: =B15-D15 -> 4 | C16: 1T | D16: 4 | E16: =($F$1/12)*3*B16 -> 809.208 | F16: =D16*$H$1 -> 4046.04 | G16: =SUM(E16:F17) -> 4855.248 | H16: =SUM(E16:E17) -> 809.208 | I16: =SUM(F16:F17) -> 4046.04
B17: =B16-D16 -> 0 | C17: 2T | E17: =(B17/12)*$F$1*3 -> 0 | F17: =D17*$H$1 -> 0
E19: =SUM(E6:E18) -> 42281.118 | F19: =SUM(F6:F18) -> 34391.34 | G19: =SUM(G6:G18) -> 76672.458

Sheet Evol identificats
B2: 4.8.1 Renovació dels ordinadors de les peanyes per obsolescència tecnològica
B4: Nombre unitats | C4: 40
B5: Característiques mínimes | C5: Intel® Core™ i3-10105T de 4 núcleos a 3,0GHz RAM de 8 GB DDR4 a 2.666MHz"
B6: Tasques incloses
B7: Cost per unitat (IVA inclòs) | C7: =+Perfils!D10 -> 950
B8: Cost total (IVA inclòs) | C8: =+ROUND(C4*C7,2) -> 38000
B10: 4.8.2 Renovació dels monitors de visualització de torns per obsolescència tecnològica
B12: Nombre unitats | C12: 40
B13: Característiques mínimes | C13: Intel® Core™ i3-10105T de 4 núcleos a 3,0GHz RAM de 8 GB DDR4 a 2.666MHz"
B14: Tasques incloses
B15: Cost per unitat (IVA inclòs) | C15: =+Perfils!D11 -> 1050
B16: Cost total (IVA inclòs) | C16: =+ROUND(C12*C15,2) -> 42000
B18: 4.8.3 Adquisició i instal·lació de llicències dels lectors ICAR per la lectura de noves versions dels documents identificatius pels quioscs
B20: Nombre unitats | C20: 20
B21: Cost per unitat (IVA inclòs) | C21: =+Perfils!D12 -> 1210
B22: Cost total (IVA inclòs) | C22: =+ROUND(C20*C21,2) -> 24200
